Workbook
Name _Toc210551163: '1 STEFANINI'!#REF!
Name _Toc210551163: '10 UT FABRICA SOFT'!#REF!
Name _Toc210551163: '2 UT H&A'!#REF!
Name _Toc210551163: '3 IG SERVICES'!#REF!
Name _Toc210551163: '4 CONSORCIO ISI'!#REF!
Name _Toc210551163: '5 CONSORCIO KRUEGER'!#REF!
Name _Toc210551163: '6 INDRA'!#REF!
Name _Toc210551163: '7 IBM'!#REF!
Name _Toc210551163: '8 UT FNA FABRICA'!#REF!
Name _Toc210551163: '9 UT ADA-MOVIL'!#REF!
Name _Toc210551172: '1 STEFANINI'!#REF!
Name _Toc210551172: '10 UT FABRICA SOFT'!#REF!
Name _Toc210551172: '2 UT H&A'!#REF!
Name _Toc210551172: '3 IG SERVICES'!#REF!
Name _Toc210551172: '4 CONSORCIO ISI'!#REF!
Name _Toc210551172: '5 CONSORCIO KRUEGER'!#REF!
Name _Toc210551172: '6 INDRA'!#REF!
Name _Toc210551172: '7 IBM'!#REF!
Name _Toc210551172: '8 UT FNA FABRICA'!#REF!
Name _Toc210551172: '9 UT ADA-MOVIL'!#REF!
Name class: #REF!
Name Compras_Suministro: #REF!
Name Diseño: #REF!
Name Honorarios: #REF!
Name ica: #REF!
Name Interventoria_Consultoria: #REF!
Name Obra_Pública: #REF!
Name OLE_LINK1: 'VERIFICACION ECONOMICA'!#REF!
Name Servicios_Generales: #REF!
Name Transporte_Carga: #REF!
Name Transporte_Restaurante: #REF!

Sheet 10 UT FABRICA SOFT
A1: 2 | C1: FONDO NACIONAL DEL AHORRO
C3: VERIFICACIÓN REQUISITOS HABILITANTES FINANCIEROS
C5: OBJETO PROCESO | D5: ='DATOS DE ENTRADA'!F1 -> CONTRATAR UNA FÁBRICA DE SOFTWARE QUE REALICE EL SOPORTE, MANTENIMIENTO, DESARROLLO DE APLICACIONES E INTEGRACIÓN DE SOLUCIONES, DEL PORTAFOLIO DEFINIDO POR EL FNA.
C6: NUMERO DE PROCESO | D6: ='DATOS DE ENTRADA'!F2 -> CONVOCATORIA PÚBLICA FNA-SG-CP-034-2020
C7: PROPONENTE | D7: =LOOKUP(A1,'DATOS DE ENTRADA'!A2:A11,'DATOS DE ENTRADA'!B2:B11) -> Unión Temporal H&A
C9: VERIFICACION EXPEDICIÓN REGISTRO UNICO DE PROPONENTES
C11: FECHA CIERRE PROCESO | D11: 44161
C12: FECHA EXPEDICION RUP | D12: 44144 | G12: 44141 | I12: =IF(D12>=N12,"CUMPLE","NO CUMPLE") -> CUMPLE | L12: =IF(I12="CUMPLE",0,1) -> 0 | N12: 44130 | O12: 30 dias anteriores
C13: FECHA ULTIMA RENOVACION | D13: 44028 | G13: 44034 | I13: =IF(D13<=N13,"CUMPLE","NO CUMPLE") -> CUMPLE | L13: =IF(I13="CUMPLE",0,1) -> 0 | N13: 44147 | O13: 10 dias habiles
B15: VERIFICACIÓN DE LA CAPACIDAD FINANCIERA | C15: DESCRIPCION | D15: CRITERIO | E15: ITEM | F15: TOOL SYSTEM SOLUTIONS S.A.S 35% | G15: SOFTWARE ESTRATÉGICO S.A.S 65% | H15: INDICADOR | I15: RESULTADO VERIFICACION | J15: DOCUMENTO ELECTRONICO | K15: OBSERVACIONES
B16: REQUISITOS FINANCIEROS Y CAPACIDAD ORGANIZACIONAL. | C16: Capital de Trabajo ≥ 30% de $12.918.797.424 | D16: =30%*12918797424 -> 3.8756392e+09 | E16: Activo Corriente | F16: 8988044061 | G16: 5004623000 | H16: =(F16-F17)+(G16-G17) -> 6335253426 | I16: =IF(H16>=D16,"CUMPLE","NO CUMPLE") -> CUMPLE | J16: 5. RUP.rar | L16: =IF(I16="CUMPLE",0,1) -> 0
E17: Pasivo Corriente | F17: 3747872635 | G17: 3909541000
B18: REQUISITOS FINANCIEROS Y CAPACIDAD ORGANIZACIONAL. | C18: Índice de Liquidez ≥ 1.30 | D18: 1.3 | E18: Activo Corriente | F18: =F16 -> 8988044061 | G18: =G16 -> 5004623000 | H18: =S18 -> 1.6607557 | I18: =IF(H18>=D18,"CUMPLE","NO CUMPLE") -> CUMPLE | J18: 5. RUP.rar | L18: =IF(I18="CUMPLE",0,1) -> 0 | P18: =F18*35% -> 3.1458154e+09 | Q18: =G18*65% -> 3253004950 | R18: =SUM(P18:Q18) -> 6.3988204e+09 | S18: =R18/R19 -> 1.6607557
E19: Pasivo Corriente | F19: =F17 -> 3747872635 | G19: =G17 -> 3909541000 | P19: =F19*35% -> 1.3117554e+09 | Q19: =G19*65% -> 2541201650 | R19: =SUM(P19:Q19) -> 3.8529571e+09
B20: REQUISITOS FINANCIEROS Y CAPACIDAD ORGANIZACIONAL. | C20: Nivel de Endeudamiento ≤ 0.70 | D20: 0.7 | E20: Pasivo Total | F20: 5299210687 | G20: 4410556000 | H20: =S20 -> 0.54260325 | I20: =IF(H20<=D20,"CUMPLE","NO CUMPLE") -> CUMPLE | J20: 5. RUP.rar | L20: =IF(I20="CUMPLE",0,1) -> 0 | P20: =F20*35% -> 1.8547237e+09 | Q20: =G20*65% -> 2866861400 | R20: =SUM(P20:Q20) -> 4.7215851e+09 | S20: =R20/R21 -> 0.54260325
E21: Activo Total | F21: 10782253136 | G21: 7581443000 | P21: =F21*35% -> 3.7737886e+09 | Q21: =G21*65% -> 4927937950 | R21: =SUM(P21:Q21) -> 8.7017265e+09
B22: REQUISITOS FINANCIEROS Y CAPACIDAD ORGANIZACIONAL. | C22: Rentabilidad sobre Patrimonio ≥ 0,00 | D22: 0 | E22: Utilidad Operacional | F22: 3565196554 | G22: 551809000 | H22: =S22 -> 0.40362753 | I22: =IF(H22>=D22,"CUMPLE","NO CUMPLE") -> CUMPLE | J22: 5. RUP.rar | L22: =IF(I22="CUMPLE",0,1) -> 0 | P22: =F22*35% -> 1.2478188e+09 | Q22: =G22*65% -> 358675850 | R22: =SUM(P22:Q22) -> 1.6064946e+09 | S22: =R22/R23 -> 0.40362753
E23: Patrimonio | F23: 5483042449 | G23: 3170887000 | P23: =F23*35% -> 1.9190649e+09 | Q23: =G23*65% -> 2061076550 | R23: =SUM(P23:Q23) -> 3.9801414e+09
B24: REQUISITOS FINANCIEROS Y CAPACIDAD ORGANIZACIONAL. | C24: Rentabilidad sobre Activo ≥ 0,00 | D24: 0 | E24: Utilidad Operacional | F24: =F22 -> 3565196554 | G24: =G22 -> 551809000 | H24: =S24 -> 0.18461792 | I24: =IF(H24>=D24,"CUMPLE","NO CUMPLE") -> CUMPLE | J24: 5. RUP.rar | L24: =IF(I24="CUMPLE",0,1) -> 0 | P24: =F24*35% -> 1.2478188e+09 | Q24: =G24*65% -> 358675850 | R24: =SUM(P24:Q24) -> 1.6064946e+09 | S24: =R24/R25 -> 0.18461792
E25: Activo total | F25: =F21 -> 10782253136 | G25: =G21 -> 7581443000 | P25: =F25*35% -> 3.7737886e+09 | Q25: =G25*65% -> 4927937950 | R25: =SUM(P25:Q25) -> 8.7017265e+09
E27: RESULTADO | G27: =IF(L27=0,"HABILITADO","NO HABILITADO") -> HABILITADO | L27: =SUM(L12:L25) -> 0
B30: ORIGINAL FIRMADO
B31: Elaboró: Ing. Sergio Alejandro Pino Rojas Profesional Master Nivel 1 Grupo ContrataciónFondo Nacional del Ahorro

Sheet 9 UT ADA-MOVIL
A1: 9 | C1: FONDO NACIONAL DEL AHORRO
C3: VERIFICACIÓN REQUISITOS HABILITANTES FINANCIEROS
C5: OBJETO PROCESO | D5: ='DATOS DE ENTRADA'!F1 -> CONTRATAR UNA FÁBRICA DE SOFTWARE QUE REALICE EL SOPORTE, MANTENIMIENTO, DESARROLLO DE APLICACIONES E INTEGRACIÓN DE SOLUCIONES, DEL PORTAFOLIO DEFINIDO POR EL FNA.
C6: NUMERO DE PROCESO | D6: ='DATOS DE ENTRADA'!F2 -> CONVOCATORIA PÚBLICA FNA-SG-CP-034-2020
C7: PROPONENTE | D7: =LOOKUP(A1,'DATOS DE ENTRADA'!A2:A11,'DATOS DE ENTRADA'!B2:B11) -> UNION TEMPORAL ADA-MOVIL
C9: VERIFICACION EXPEDICIÓN REGISTRO UNICO DE PROPONENTES
C11: FECHA CIERRE PROCESO | D11: 44161
C12: FECHA EXPEDICION RUP | D12: 44148 | I12: NO CUMPLE | L12: =IF(I12="CUMPLE",0,1) -> 1 | N12: 44130 | O12: 30 dias anteriores
C13: FECHA ULTIMA RENOVACION | D13: 44041 | G13: 44022 | I13: CUMPLE | L13: =IF(I13="CUMPLE",0,1) -> 0 | N13: 44147 | O13: 10 dias habiles
B15: VERIFICACIÓN DE LA CAPACIDAD FINANCIERA | C15: DESCRIPCION | D15: CRITERIO | E15: ITEM | F15: ADA S.A. 90% | G15: INTELIGENCIA MOVIL S.A.S 10% | H15: INDICADOR | I15: RESULTADO VERIFICACION | J15: DOCUMENTO ELECTRONICO | K15: OBSERVACIONES
B16: REQUISITOS FINANCIEROS Y CAPACIDAD ORGANIZACIONAL. | C16: Capital de Trabajo ≥ 30% de $12.918.797.424 | D16: =30%*12918797424 -> 3.8756392e+09 | E16: Activo Corriente | F16: 11429387495 | G16: 542075000 | H16: =(F16-F17)+(G16-G17) -> 8028944006 | I16: =IF(H16>=D16,"CUMPLE","NO CUMPLE") -> CUMPLE | J16: 17RUP ADA.pdf Documento de subsane | K16: El integrante Inteligencia Movil aportó el RUP, pero no se evidencia la fecha de expedición del mismo. | L16: =IF(I16="CUMPLE",0,1) -> 0
E17: Pasivo Corriente | F17: 3814284489 | G17: 128234000
B18: REQUISITOS FINANCIEROS Y CAPACIDAD ORGANIZACIONAL. | C18: Índice de Liquidez ≥ 1.30 | D18: 1.3 | E18: Activo Corriente | F18: =F16 -> 11429387495 | G18: =G16 -> 542075000 | H18: =S18 -> 3.00105 | I18: =IF(H18>=D18,"CUMPLE","NO CUMPLE") -> CUMPLE | J18: 17RUP ADA.pdf Documento de subsane | L18: =IF(I18="CUMPLE",0,1) -> 0 | P18: =F18*90% -> 1.0286449e+10 | Q18: =G18*10% -> 54207500 | R18: =SUM(P18:Q18) -> 1.0340656e+10 | S18: =R18/R19 -> 3.00105
E19: Pasivo Corriente | F19: =F17 -> 3814284489 | G19: =G17 -> 128234000 | P19: =F19*90% -> 3.432856e+09 | Q19: =G19*10% -> 12823400 | R19: =SUM(P19:Q19) -> 3.4456794e+09
B20: REQUISITOS FINANCIEROS Y CAPACIDAD ORGANIZACIONAL. | C20: Nivel de Endeudamiento ≤ 0.70 | D20: 0.7 | E20: Pasivo Total | F20: 6283372649 | G20: 415827000 | H20: =S20 -> 0.45389605 | I20: =IF(H20<=D20,"CUMPLE","NO CUMPLE") -> CUMPLE | J20: 17RUP ADA.pdf Documento de subsane | L20: =IF(I20="CUMPLE",0,1) -> 0 | P20: =F20*90% -> 5.6550354e+09 | Q20: =G20*10% -> 41582700 | R20: =SUM(P20:Q20) -> 5.6966181e+09 | S20: =R20/R21 -> 0.45389605
E21: Activo Total | F21: 13674740284 | G21: 2432244000 | P21: =F21*90% -> 1.2307266e+10 | Q21: =G21*10% -> 243224400 | R21: =SUM(P21:Q21) -> 1.2550491e+10
B22: REQUISITOS FINANCIEROS Y CAPACIDAD ORGANIZACIONAL. | C22: Rentabilidad sobre Patrimonio ≥ 0,00 | D22: 0 | E22: Utilidad Operacional | F22: 1433967416 | G22: 363399000 | H22: =S22 -> 0.19360012 | I22: =IF(H22>=D22,"CUMPLE","NO CUMPLE") -> CUMPLE | J22: 17RUP ADA.pdf Documento de subsane | L22: =IF(I22="CUMPLE",0,1) -> 0 | P22: =F22*90% -> 1.2905707e+09 | Q22: =G22*10% -> 36339900 | R22: =SUM(P22:Q22) -> 1.3269106e+09 | S22: =R22/R23 -> 0.19360012
E23: Patrimonio | F23: 7391367635 | G23: 2016417000 | P23: =F23*90% -> 6.6522309e+09 | Q23: =G23*10% -> 201641700 | R23: =SUM(P23:Q23) -> 6.8538726e+09
B24: REQUISITOS FINANCIEROS Y CAPACIDAD ORGANIZACIONAL. | C24: Rentabilidad sobre Activo ≥ 0,00 | D24: 0 | E24: Utilidad Operacional | F24: =F22 -> 1433967416 | G24: =G22 -> 363399000 | H24: =S24 -> 0.10572579 | I24: =IF(H24>=D24,"CUMPLE","NO CUMPLE") -> CUMPLE | J24: 17RUP ADA.pdf Documento de subsane | L24: =IF(I24="CUMPLE",0,1) -> 0 | P24: =F24*90% -> 1.2905707e+09 | Q24: =G24*10% -> 36339900 | R24: =SUM(P24:Q24) -> 1.3269106e+09 | S24: =R24/R25 -> 0.10572579
E25: Activo total | F25: =F21 -> 13674740284 | G25: =G21 -> 2432244000 | P25: =F25*90% -> 1.2307266e+10 | Q25: =G25*10% -> 243224400 | R25: =SUM(P25:Q25) -> 1.2550491e+10
E27: RESULTADO | G27: RECHAZADO | L27: =SUM(L12:L25) -> 1
B30: ORIGINAL FIRMADO
B31: Elaboró: Ing. Sergio Alejandro Pino Rojas Profesional Master Nivel 1 Grupo ContrataciónFondo Nacional del Ahorro

Sheet 8 UT FNA FABRICA
A1: 8 | C1: FONDO NACIONAL DEL AHORRO
C3: VERIFICACIÓN REQUISITOS HABILITANTES FINANCIEROS
C5: OBJETO PROCESO | D5: ='DATOS DE ENTRADA'!F1 -> CONTRATAR UNA FÁBRICA DE SOFTWARE QUE REALICE EL SOPORTE, MANTENIMIENTO, DESARROLLO DE APLICACIONES E INTEGRACIÓN DE SOLUCIONES, DEL PORTAFOLIO DEFINIDO POR EL FNA.
C6: NUMERO DE PROCESO | D6: ='DATOS DE ENTRADA'!F2 -> CONVOCATORIA PÚBLICA FNA-SG-CP-034-2020
C7: PROPONENTE | D7: =LOOKUP(A1,'DATOS DE ENTRADA'!A2:A11,'DATOS DE ENTRADA'!B2:B11) -> UNION TEMPORAL UT FNA FABRICA SW 20-23
C9: VERIFICACION EXPEDICIÓN REGISTRO UNICO DE PROPONENTES
C11: FECHA CIERRE PROCESO | D11: 44161
C12: FECHA EXPEDICION RUP | D12: 44141 | G12: 44139 | I12: CUMPLE | L12: =IF(I12="CUMPLE",0,1) -> 0 | N12: 44130 | O12: 30 dias anteriores
C13: FECHA ULTIMA RENOVACION | D13: 43966 | G13: 44056 | I13: =IF(D13<=N13,"CUMPLE","NO CUMPLE") -> CUMPLE | L13: =IF(I13="CUMPLE",0,1) -> 0 | N13: 44147 | O13: 10 dias habiles
B15: VERIFICACIÓN DE LA CAPACIDAD FINANCIERA | C15: DESCRIPCION | D15: CRITERIO | E15: ITEM | F15: CONTACT & BUSINESS IT LTDA 91% | G15: AXEDE S.A. 9% | H15: INDICADOR | I15: RESULTADO VERIFICACION | J15: DOCUMENTO ELECTRONICO | K15: OBSERVACIONES
B16: REQUISITOS FINANCIEROS Y CAPACIDAD ORGANIZACIONAL. | C16: Capital de Trabajo ≥ 30% de $12.918.797.424 | D16: =30%*12918797424 -> 3.8756392e+09 | E16: Activo Corriente | F16: 8483424043 | G16: 30703723057 | H16: =(F16-F17)+(G16-G17) -> 8100289026 | I16: =IF(H16>=D16,"CUMPLE","NO CUMPLE") -> CUMPLE | K16: Subsanó mediante mensaje CO1.MSG.2233317 | L16: =IF(I16="CUMPLE",0,1) -> 0
E17: Pasivo Corriente | F17: 2801885475 | G17: 28284972599
B18: REQUISITOS FINANCIEROS Y CAPACIDAD ORGANIZACIONAL. | C18: Índice de Liquidez ≥ 1.30 | D18: 1.3 | E18: Activo Corriente | F18: =F16 -> 8483424043 | G18: =G16 -> 30703723057 | H18: =S18 -> 2.0574099 | I18: =IF(H18>=D18,"CUMPLE","NO CUMPLE") -> CUMPLE | L18: =IF(I18="CUMPLE",0,1) -> 0 | P18: =F18*91% -> 7.7199159e+09 | Q18: =G18*9% -> 2.7633351e+09 | R18: =SUM(P18:Q18) -> 1.0483251e+10 | S18: =R18/R19 -> 2.0574099
E19: Pasivo Corriente | F19: =F17 -> 2801885475 | G19: =G17 -> 28284972599 | P19: =F19*91% -> 2.5497158e+09 | Q19: =G19*9% -> 2.5456475e+09 | R19: =SUM(P19:Q19) -> 5.0953633e+09
B20: REQUISITOS FINANCIEROS Y CAPACIDAD ORGANIZACIONAL. | C20: Nivel de Endeudamiento ≤ 0.70 | D20: 0.7 | E20: Pasivo Total | F20: 4843407640 | G20: 35658545128 | H20: =S20 -> 0.58384939 | I20: =IF(H20<=D20,"CUMPLE","NO CUMPLE") -> CUMPLE | L20: =IF(I20="CUMPLE",0,1) -> 0 | P20: =F20*91% -> 4.407501e+09 | Q20: =G20*9% -> 3.2092691e+09 | R20: =SUM(P20:Q20) -> 7.61677e+09 | S20: =R20/R21 -> 0.58384939
E21: Activo Total | F21: 10594833491 | G21: 37827560275 | P21: =F21*91% -> 9.6412985e+09 | Q21: =G21*9% -> 3.4044804e+09 | R21: =SUM(P21:Q21) -> 1.3045779e+10
B22: REQUISITOS FINANCIEROS Y CAPACIDAD ORGANIZACIONAL. | C22: Rentabilidad sobre Patrimonio ≥ 0,00 | D22: 0 | E22: Utilidad Operacional | F22: 3892980000 | G22: 3150844000 | H22: =S22 -> 0.70476727 | I22: =IF(H22>=D22,"CUMPLE","NO CUMPLE") -> CUMPLE | L22: =IF(I22="CUMPLE",0,1) -> 0 | P22: =F22*91% -> 3542611800 | Q22: =G22*9% -> 283575960 | R22: =SUM(P22:Q22) -> 3826187760 | S22: =R22/R23 -> 0.70476727
E23: Patrimonio | F23: 5751425851 | G23: 2169015147 | P23: =F23*91% -> 5.2337975e+09 | Q23: =G23*9% -> 1.9521136e+08 | R23: =SUM(P23:Q23) -> 5.4290089e+09
B24: REQUISITOS FINANCIEROS Y CAPACIDAD ORGANIZACIONAL. | C24: Rentabilidad sobre Activo ≥ 0,00 | D24: 0 | E24: Utilidad Operacional | F24: =F22 -> 3892980000 | G24: =G22 -> 3150844000 | H24: =S24 -> 0.29328933 | I24: =IF(H24>=D24,"CUMPLE","NO CUMPLE") -> CUMPLE | L24: =IF(I24="CUMPLE",0,1) -> 0 | P24: =F24*91% -> 3542611800 | Q24: =G24*9% -> 283575960 | R24: =SUM(P24:Q24) -> 3826187760 | S24: =R24/R25 -> 0.29328933
E25: Activo total | F25: =F21 -> 10594833491 | G25: =G21 -> 37827560275 | P25: =F25*91% -> 9.6412985e+09 | Q25: =G25*9% -> 3.4044804e+09 | R25: =SUM(P25:Q25) -> 1.3045779e+10
E27: RESULTADO | G27: =IF(L27=0,"HABILITADO","NO HABILITADO") -> HABILITADO | L27: =SUM(L12:L25) -> 0
B30: ORIGINAL FIRMADO
B31: Elaboró: Ing. Sergio Alejandro Pino Rojas Profesional Master Nivel 1 Grupo ContrataciónFondo Nacional del Ahorro

Sheet 7 IBM
A1: 1 | C1: FONDO NACIONAL DEL AHORRO
C3: VERIFICACIÓN REQUISITOS HABILITANTES FINANCIEROS
C5: OBJETO PROCESO | D5: ='DATOS DE ENTRADA'!F1 -> CONTRATAR UNA FÁBRICA DE SOFTWARE QUE REALICE EL SOPORTE, MANTENIMIENTO, DESARROLLO DE APLICACIONES E INTEGRACIÓN DE SOLUCIONES, DEL PORTAFOLIO DEFINIDO POR EL FNA.
C6: NUMERO DE PROCESO | D6: ='DATOS DE ENTRADA'!F2 -> CONVOCATORIA PÚBLICA FNA-SG-CP-034-2020
C7: PROPONENTE | D7: =LOOKUP(A1,'DATOS DE ENTRADA'!A2:A11,'DATOS DE ENTRADA'!B2:B11) -> INFORMATICA & TECNOLOGIA STEFANINI SA
C9: VERIFICACION EXPEDICIÓN REGISTRO UNICO DE PROPONENTES
C11: FECHA CIERRE PROCESO | D11: 44161
C12: FECHA EXPEDICION RUP | D12: 44152 | H12: =IF(D12>=M12,"CUMPLE","NO CUMPLE") -> CUMPLE | K12: =IF(H12="CUMPLE",0,1) -> 0 | M12: 44130 | N12: 30 dias anteriores
C13: FECHA ULTIMA RENOVACION | D13: 44034 | H13: =IF(D13<=M13,"CUMPLE","NO CUMPLE") -> CUMPLE | K13: =IF(H13="CUMPLE",0,1) -> 0 | M13: 44147 | N13: 10 dias habiles
B15: VERIFICACIÓN DE LA CAPACIDAD FINANCIERA | C15: DESCRIPCION | D15: CRITERIO | E15: ITEM | F15: VALOR | G15: INDICADOR | H15: RESULTADO VERIFICACION | I15: DOCUMENTO ELECTRONICO | J15: OBSERVACIONES
B16: REQUISITOS FINANCIEROS Y CAPACIDAD ORGANIZACIONAL. | C16: Capital de Trabajo ≥ 30% de $12.918.797.424 | D16: =30%*12918797424 -> 3.8756392e+09 | E16: Activo Corriente | F16: 460908204007 | G16: =F16-F17 -> 98428196945 | H16: =IF(G16>=D16,"CUMPLE","NO CUMPLE") -> CUMPLE | I16: RUP IBM COLOMBIA NOVIEMBRE 2020.pdf | J16: El indice de liquidez es inferior al solicitado por la entidad. | K16: =IF(H16="CUMPLE",0,1) -> 0
E17: Pasivo Corriente | F17: 362480007062
B18: REQUISITOS FINANCIEROS Y CAPACIDAD ORGANIZACIONAL. | C18: Índice de Liquidez ≥ 1.30 | D18: 1.3 | E18: Activo Corriente | F18: =F16 -> 460908204007 | G18: =F18/F19 -> 1.271541 | H18: =IF(G18>=D18,"CUMPLE","NO CUMPLE") -> NO CUMPLE | I18: RUP IBM COLOMBIA NOVIEMBRE 2020.pdf | K18: =IF(H18="CUMPLE",0,1) -> 1
E19: Pasivo Corriente | F19: =F17 -> 362480007062
B20: REQUISITOS FINANCIEROS Y CAPACIDAD ORGANIZACIONAL. | C20: Nivel de Endeudamiento ≤ 0.70 | D20: 0.7 | E20: Pasivo Total | F20: 413823243337 | G20: =F20/F21 -> 0.65362385 | H20: =IF(G20<=D20,"CUMPLE","NO CUMPLE") -> CUMPLE | I20: RUP IBM COLOMBIA NOVIEMBRE 2020.pdf | K20: =IF(H20="CUMPLE",0,1) -> 0
E21: Activo Total | F21: 633121394927
B22: REQUISITOS FINANCIEROS Y CAPACIDAD ORGANIZACIONAL. | C22: Rentabilidad sobre Patrimonio ≥ 0,00 | D22: 0 | E22: Utilidad Operacional | F22: 202066835679 | G22: =F22/F23 -> 0.92142517 | H22: =IF(G22>=D22,"CUMPLE","NO CUMPLE") -> CUMPLE | I22: RUP IBM COLOMBIA NOVIEMBRE 2020.pdf | K22: =IF(H22="CUMPLE",0,1) -> 0
E23: Patrimonio | F23: 219298151590
B24: REQUISITOS FINANCIEROS Y CAPACIDAD ORGANIZACIONAL. | C24: Rentabilidad sobre Activo ≥ 0,00 | D24: 0 | E24: Utilidad Operacional | F24: =F22 -> 202066835679 | G24: =F24/F25 -> 0.3191597 | H24: =IF(G24>=D24,"CUMPLE","NO CUMPLE") -> CUMPLE | I24: RUP IBM COLOMBIA NOVIEMBRE 2020.pdf | K24: =IF(H24="CUMPLE",0,1) -> 0
E25: Activo total | F25: =F21 -> 633121394927
E27: RESULTADO | G27: RECHAZADO | K27: =SUM(K12:K25) -> 1
B30: ORIGINAL FIRMADO
B31: Elaboró: Ing. Sergio Alejandro Pino Rojas Profesional Master Nivel 1 Grupo ContrataciónFondo Nacional del Ahorro

Sheet 6 INDRA
A1: 6 | C1: FONDO NACIONAL DEL AHORRO
C3: VERIFICACIÓN REQUISITOS HABILITANTES FINANCIEROS
C5: OBJETO PROCESO | D5: ='DATOS DE ENTRADA'!F1 -> CONTRATAR UNA FÁBRICA DE SOFTWARE QUE REALICE EL SOPORTE, MANTENIMIENTO, DESARROLLO DE APLICACIONES E INTEGRACIÓN DE SOLUCIONES, DEL PORTAFOLIO DEFINIDO POR EL FNA.
C6: NUMERO DE PROCESO | D6: ='DATOS DE ENTRADA'!F2 -> CONVOCATORIA PÚBLICA FNA-SG-CP-034-2020
C7: PROPONENTE | D7: =LOOKUP(A1,'DATOS DE ENTRADA'!A2:A11,'DATOS DE ENTRADA'!B2:B11) -> INDRA COLOMBIA S.A.S
C9: VERIFICACION EXPEDICIÓN REGISTRO UNICO DE PROPONENTES
C11: FECHA CIERRE PROCESO | D11: 44161
C12: FECHA EXPEDICION RUP | D12: 44153 | H12: =IF(D12>=M12,"CUMPLE","NO CUMPLE") -> CUMPLE | K12: =IF(H12="CUMPLE",0,1) -> 0 | M12: 44130 | N12: 30 dias anteriores
C13: FECHA ULTIMA RENOVACION | D13: 43973 | H13: =IF(D13<=M13,"CUMPLE","NO CUMPLE") -> CUMPLE | K13: =IF(H13="CUMPLE",0,1) -> 0 | M13: 44147 | N13: 10 dias habiles
B15: VERIFICACIÓN DE LA CAPACIDAD FINANCIERA | C15: DESCRIPCION | D15: CRITERIO | E15: ITEM | F15: VALOR | G15: INDICADOR | H15: RESULTADO VERIFICACION | I15: DOCUMENTO ELECTRONICO | J15: OBSERVACIONES
B16: REQUISITOS FINANCIEROS Y CAPACIDAD ORGANIZACIONAL. | C16: Capital de Trabajo ≥ 30% de $12.918.797.424 | D16: =30%*12918797424 -> 3.8756392e+09 | E16: Activo Corriente | F16: 143722601609 | G16: =F16-F17 -> 50890968839 | H16: =IF(G16>=D16,"CUMPLE","NO CUMPLE") -> CUMPLE | I16: RUP IC 18112020_1.pdf | K16: =IF(H16="CUMPLE",0,1) -> 0
E17: Pasivo Corriente | F17: 92831632770
B18: REQUISITOS FINANCIEROS Y CAPACIDAD ORGANIZACIONAL. | C18: Índice de Liquidez ≥ 1.30 | D18: 1.3 | E18: Activo Corriente | F18: =F16 -> 143722601609 | G18: =F18/F19 -> 1.5482072 | H18: =IF(G18>=D18,"CUMPLE","NO CUMPLE") -> CUMPLE | I18: RUP IC 18112020_1.pdf | K18: =IF(H18="CUMPLE",0,1) -> 0
E19: Pasivo Corriente | F19: =F17 -> 92831632770
B20: REQUISITOS FINANCIEROS Y CAPACIDAD ORGANIZACIONAL. | C20: Nivel de Endeudamiento ≤ 0.70 | D20: 0.7 | E20: Pasivo Total | F20: 96589412777 | G20: =F20/F21 -> 0.5982464 | H20: =IF(G20<=D20,"CUMPLE","NO CUMPLE") -> CUMPLE | I20: RUP IC 18112020_1.pdf | K20: =IF(H20="CUMPLE",0,1) -> 0
E21: Activo Total | F21: 161454230644
B22: REQUISITOS FINANCIEROS Y CAPACIDAD ORGANIZACIONAL. | C22: Rentabilidad sobre Patrimonio ≥ 0,00 | D22: 0 | E22: Utilidad Operacional | F22: 15203030714 | G22: =F22/F23 -> 0.23438023 | H22: =IF(G22>=D22,"CUMPLE","NO CUMPLE") -> CUMPLE | I22: RUP IC 18112020_1.pdf | K22: =IF(H22="CUMPLE",0,1) -> 0
E23: Patrimonio | F23: 64864817867
B24: REQUISITOS FINANCIEROS Y CAPACIDAD ORGANIZACIONAL. | C24: Rentabilidad sobre Activo ≥ 0,00 | D24: 0 | E24: Utilidad Operacional | F24: =F22 -> 15203030714 | G24: =F24/F25 -> 0.094163099 | H24: =IF(G24>=D24,"CUMPLE","NO CUMPLE") -> CUMPLE | I24: RUP IC 18112020_1.pdf | K24: =IF(H24="CUMPLE",0,1) -> 0
E25: Activo total | F25: =F21 -> 161454230644
E27: RESULTADO | G27: =IF(K27=0,"HABILITADO","NO HABILITADO") -> HABILITADO | K27: =SUM(K12:K25) -> 0
B30: ORIGINAL FIRMADO
B31: Elaboró: Ing. Sergio Alejandro Pino Rojas Profesional Master Nivel 1 Grupo ContrataciónFondo Nacional del Ahorro

Sheet 5 CONSORCIO KRUEGER
A1: 4 | C1: FONDO NACIONAL DEL AHORRO
C3: VERIFICACIÓN REQUISITOS HABILITANTES FINANCIEROS
C5: OBJETO PROCESO | D5: ='DATOS DE ENTRADA'!F1 -> CONTRATAR UNA FÁBRICA DE SOFTWARE QUE REALICE EL SOPORTE, MANTENIMIENTO, DESARROLLO DE APLICACIONES E INTEGRACIÓN DE SOLUCIONES, DEL PORTAFOLIO DEFINIDO POR EL FNA.
C6: NUMERO DE PROCESO | D6: ='DATOS DE ENTRADA'!F2 -> CONVOCATORIA PÚBLICA FNA-SG-CP-034-2020
C7: PROPONENTE | D7: =LOOKUP(A1,'DATOS DE ENTRADA'!A2:A11,'DATOS DE ENTRADA'!B2:B11) -> CONSORCIO ISI FABRICA FNA 2020
C9: VERIFICACION EXPEDICIÓN REGISTRO UNICO DE PROPONENTES
C11: FECHA CIERRE PROCESO | D11: 44161
C12: FECHA EXPEDICION RUP | D12: N/A | F12: 44147 | H12: 44149 | J12: CUMPLE | M12: =IF(J12="CUMPLE",0,1) -> 0 | O12: 44130 | P12: 30 dias anteriores
C13: FECHA ULTIMA RENOVACION | D13: N/A | F13: 43986 | H13: 44025 | J13: CUMPLE | M13: =IF(J13="CUMPLE",0,1) -> 0 | O13: 44147 | P13: 10 dias habiles
B15: VERIFICACIÓN DE LA CAPACIDAD FINANCIERA | C15: DESCRIPCION | D15: CRITERIO | E15: ITEM | F15: KRUEGER CORPORATION S.A. 60% | G15: SOFTCARIBBEAN S.A. 10% | H15: TODOSISTEMAS SOLUCIONES DE TECNOLOGIA DE INFORMACION SAS 30% | I15: INDICADOR | J15: RESULTADO VERIFICACION | K15: DOCUMENTO ELECTRONICO | L15: OBSERVACIONES
B16: REQUISITOS FINANCIEROS Y CAPACIDAD ORGANIZACIONAL. | C16: Capital de Trabajo ≥ 30% de $12.918.797.424 | D16: =30%*12918797424 -> 3.8756392e+09 | E16: Activo Corriente | F16: 1.4715571e+10 | G16: 1091040589 | H16: 1502324360 | I16: =(F16-F17)+(G16-G17)+(H16-H17) -> 8.7164578e+09 | J16: =IF(I16>=D16,"CUMPLE","NO CUMPLE") -> CUMPLE | K16: RUP_1.rar | M16: =IF(J16="CUMPLE",0,1) -> 0
E17: Pasivo Corriente | F17: 7.2614517e+09 | G17: 491441182 | H17: 839585130
B18: REQUISITOS FINANCIEROS Y CAPACIDAD ORGANIZACIONAL. | C18: Índice de Liquidez ≥ 1.30 | D18: 1.3 | E18: Activo Corriente | F18: =F16 -> 1.4715571e+10 | G18: =G16 -> 1091040589 | H18: =H16 -> 1502324360 | I18: =U18 -> 2.0157502 | J18: =IF(I18>=D18,"CUMPLE","NO CUMPLE") -> CUMPLE | K18: RUP_1.rar | M18: =IF(J18="CUMPLE",0,1) -> 0 | Q18: =F18*60% -> 8.8293425e+09 | R18: =G18*10% -> 1.0910406e+08 | S18: =H18*30% -> 450697308 | T18: =SUM(Q18:S18) -> 9.3891439e+09 | U18: =T18/T19 -> 2.0157502
E19: Pasivo Corriente | F19: =F17 -> 7.2614517e+09 | G19: =G17 -> 491441182 | H19: =H17 -> 839585130 | Q19: =F19*60% -> 4.356871e+09 | R19: =G19*10% -> 49144118 | S19: =H19*30% -> 251875539 | T19: =SUM(Q19:S19) -> 4.6578907e+09
B20: REQUISITOS FINANCIEROS Y CAPACIDAD ORGANIZACIONAL. | C20: Nivel de Endeudamiento ≤ 0.70 | D20: 0.7 | E20: Pasivo Total | F20: 1.1938249e+10 | G20: 591465275 | H20: 839585130 | I20: =U20 -> 0.330693 | J20: =IF(I20<=D20,"CUMPLE","NO CUMPLE") -> CUMPLE | K20: RUP_1.rar | M20: =IF(J20="CUMPLE",0,1) -> 0 | Q20: =F20*60% -> 7.1629494e+09 | R20: =G20*10% -> 59146528 | S20: =H20*30% -> 251875539 | T20: =SUM(Q20:S20) -> 7.4739714e+09 | U20: =T20/T21 -> 0.330693
E21: Activo Total | F21: 3.4857154e+10 | G21: 1172176905 | H21: 5231420518 | Q21: =F21*60% -> 2.0914292e+10 | R21: =G21*10% -> 1.1721769e+08 | S21: =H21*30% -> 1.5694262e+09 | T21: =SUM(Q21:S21) -> 2.2600936e+10
B22: REQUISITOS FINANCIEROS Y CAPACIDAD ORGANIZACIONAL. | C22: Rentabilidad sobre Patrimonio ≥ 0,00 | D22: 0 | E22: Utilidad Operacional | F22: 2.0491687e+09 | G22: 240021763 | H22: 646755000 | I22: =U22 -> 0.095692024 | J22: =IF(I22>=D22,"CUMPLE","NO CUMPLE") -> CUMPLE | K22: RUP_1.rar | M22: =IF(J22="CUMPLE",0,1) -> 0 | Q22: =F22*60% -> 1.2295012e+09 | R22: =G22*10% -> 24002176 | S22: =H22*30% -> 194026500 | T22: =SUM(Q22:S22) -> 1.4475299e+09 | U22: =T22/T23 -> 0.095692024
E23: Patrimonio | F23: 2.2918905e+10 | G23: 580711630 | H23: 4391835388 | Q23: =F23*60% -> 1.3751343e+10 | R23: =G23*10% -> 58071163 | S23: =H23*30% -> 1.3175506e+09 | T23: =SUM(Q23:S23) -> 1.5126965e+10
B24: REQUISITOS FINANCIEROS Y CAPACIDAD ORGANIZACIONAL. | C24: Rentabilidad sobre Activo ≥ 0,00 | D24: 0 | E24: Utilidad Operacional | F24: =F22 -> 2.0491687e+09 | G24: =G22 -> 240021763 | H24: =H22 -> 646755000 | I24: =U24 -> 0.064047341 | J24: =IF(I24>=D24,"CUMPLE","NO CUMPLE") -> CUMPLE | K24: RUP_1.rar | M24: =IF(J24="CUMPLE",0,1) -> 0 | Q24: =F24*60% -> 1.2295012e+09 | R24: =G24*10% -> 24002176 | S24: =H24*30% -> 194026500 | T24: =SUM(Q24:S24) -> 1.4475299e+09 | U24: =T24/T25 -> 0.064047341
E25: Activo total | F25: =F21 -> 3.4857154e+10 | G25: =G21 -> 1172176905 | H25: =H21 -> 5231420518 | Q25: =F25*60% -> 2.0914292e+10 | R25: =G25*10% -> 1.1721769e+08 | S25: =H25*30% -> 1.5694262e+09 | T25: =SUM(Q25:S25) -> 2.2600936e+10
E27: RESULTADO | H27: =IF(M27=0,"HABILITADO","NO HABILITADO") -> HABILITADO | M27: =SUM(M12:M25) -> 0
B30: ORIGINAL FIRMADO
B31: Elaboró: Ing. Sergio Alejandro Pino Rojas Profesional Master Nivel 1 Grupo ContrataciónFondo Nacional del Ahorro

Sheet 4 CONSORCIO ISI
A1: 4 | C1: FONDO NACIONAL DEL AHORRO
C3: VERIFICACIÓN REQUISITOS HABILITANTES FINANCIEROS
C5: OBJETO PROCESO | D5: ='DATOS DE ENTRADA'!F1 -> CONTRATAR UNA FÁBRICA DE SOFTWARE QUE REALICE EL SOPORTE, MANTENIMIENTO, DESARROLLO DE APLICACIONES E INTEGRACIÓN DE SOLUCIONES, DEL PORTAFOLIO DEFINIDO POR EL FNA.
C6: NUMERO DE PROCESO | D6: ='DATOS DE ENTRADA'!F2 -> CONVOCATORIA PÚBLICA FNA-SG-CP-034-2020
C7: PROPONENTE | D7: =LOOKUP(A1,'DATOS DE ENTRADA'!A2:A11,'DATOS DE ENTRADA'!B2:B11) -> CONSORCIO ISI FABRICA FNA 2020
C9: VERIFICACION EXPEDICIÓN REGISTRO UNICO DE PROPONENTES
C11: FECHA CIERRE PROCESO | D11: 44161
C12: FECHA EXPEDICION RUP | D12: 44145 | F12: 44139 | H12: 44152 | J12: =IF(D12>=O12,"CUMPLE","NO CUMPLE") -> CUMPLE | M12: =IF(J12="CUMPLE",0,1) -> 0 | O12: 44130 | P12: 30 dias anteriores
C13: FECHA ULTIMA RENOVACION | D13: 43916 | F13: 44021 | H13: 44036 | J13: =IF(D13<=O13,"CUMPLE","NO CUMPLE") -> CUMPLE | M13: =IF(J13="CUMPLE",0,1) -> 0 | O13: 44147 | P13: 10 dias habiles
B15: VERIFICACIÓN DE LA CAPACIDAD FINANCIERA | C15: DESCRIPCION | D15: CRITERIO | E15: ITEM | F15: Ingenia Software SAS 34% | G15: SoftManagement SA 33% | H15: ITAC It Applications Consulting SA 33% | I15: INDICADOR | J15: RESULTADO VERIFICACION | K15: DOCUMENTO ELECTRONICO | L15: OBSERVACIONES
B16: REQUISITOS FINANCIEROS Y CAPACIDAD ORGANIZACIONAL. | C16: Capital de Trabajo ≥ 30% de $12.918.797.424 | D16: =30%*12918797424 -> 3.8756392e+09 | E16: Activo Corriente | F16: 3037713000 | G16: 5514189686 | H16: 2536277017 | I16: =(F16-F17)+(G16-G17)+(H16-H17) -> 5572139239 | J16: =IF(I16>=D16,"CUMPLE","NO CUMPLE") -> CUMPLE | K16: 5. Registro Unico de Proponentes.pdf | M16: =IF(J16="CUMPLE",0,1) -> 0
E17: Pasivo Corriente | F17: 1188210000 | G17: 3298020532 | H17: 1029809932
B18: REQUISITOS FINANCIEROS Y CAPACIDAD ORGANIZACIONAL. | C18: Índice de Liquidez ≥ 1.30 | D18: 1.3 | E18: Activo Corriente | F18: =F16 -> 3037713000 | G18: =G16 -> 5514189686 | H18: =H16 -> 2536277017 | I18: =U18 -> 2.0137135 | J18: =IF(I18>=D18,"CUMPLE","NO CUMPLE") -> CUMPLE | K18: 5. Registro Unico de Proponentes.pdf | M18: =IF(J18="CUMPLE",0,1) -> 0 | Q18: =F18*34% -> 1.0328224e+09 | R18: =G18*33% -> 1.8196826e+09 | S18: =H18*33% -> 8.3697142e+08 | T18: =SUM(Q18:S18) -> 3.6894764e+09 | U18: =T18/T19 -> 2.0137135
E19: Pasivo Corriente | F19: =F17 -> 1188210000 | G19: =G17 -> 3298020532 | H19: =H17 -> 1029809932 | Q19: =F19*34% -> 403991400 | R19: =G19*33% -> 1.0883468e+09 | S19: =H19*33% -> 3.3983728e+08 | T19: =SUM(Q19:S19) -> 1.8321755e+09
B20: REQUISITOS FINANCIEROS Y CAPACIDAD ORGANIZACIONAL. | C20: Nivel de Endeudamiento ≤ 0.70 | D20: 0.7 | E20: Pasivo Total | F20: 1792606000 | G20: 3298020532 | H20: 4426547758 | I20: =U20 -> 0.64435046 | J20: =IF(I20<=D20,"CUMPLE","NO CUMPLE") -> CUMPLE | K20: 5. Registro Unico de Proponentes.pdf | M20: =IF(J20="CUMPLE",0,1) -> 0 | Q20: =F20*34% -> 609486040 | R20: =G20*33% -> 1.0883468e+09 | S20: =H20*33% -> 1.4607608e+09 | T20: =SUM(Q20:S20) -> 3.1585936e+09 | U20: =T20/T21 -> 0.64435046
E21: Activo Total | F21: 3303247000 | G21: 5555960533 | H21: 5895181251 | Q21: =F21*34% -> 1123103980 | R21: =G21*33% -> 1.833467e+09 | S21: =H21*33% -> 1.9454098e+09 | T21: =SUM(Q21:S21) -> 4.9019808e+09
B22: REQUISITOS FINANCIEROS Y CAPACIDAD ORGANIZACIONAL. | C22: Rentabilidad sobre Patrimonio ≥ 0,00 | D22: 0 | E22: Utilidad Operacional | F22: 510316000 | G22: 818311753 | H22: 1108612007 | I22: =U22 -> 0.46426421 | J22: =IF(I22>=D22,"CUMPLE","NO CUMPLE") -> CUMPLE | K22: 5. Registro Unico de Proponentes.pdf | M22: =IF(J22="CUMPLE",0,1) -> 0 | Q22: =F22*34% -> 173507440 | R22: =G22*33% -> 2.7004288e+08 | S22: =H22*33% -> 3.6584196e+08 | T22: =SUM(Q22:S22) -> 8.0939228e+08 | U22: =T22/T23 -> 0.46426421
E23: Patrimonio | F23: 1510641000 | G23: 2257940001 | H23: 1468633493 | Q23: =F23*34% -> 5.1361794e+08 | R23: =G23*33% -> 7.451202e+08 | S23: =H23*33% -> 4.8464905e+08 | T23: =SUM(Q23:S23) -> 1.7433872e+09
B24: REQUISITOS FINANCIEROS Y CAPACIDAD ORGANIZACIONAL. | C24: Rentabilidad sobre Activo ≥ 0,00 | D24: 0 | E24: Utilidad Operacional | F24: =F22 -> 510316000 | G24: =G22 -> 818311753 | H24: =H22 -> 1108612007 | I24: =U24 -> 0.16511535 | J24: =IF(I24>=D24,"CUMPLE","NO CUMPLE") -> CUMPLE | K24: 5. Registro Unico de Proponentes.pdf | M24: =IF(J24="CUMPLE",0,1) -> 0 | Q24: =F24*34% -> 173507440 | R24: =G24*33% -> 2.7004288e+08 | S24: =H24*33% -> 3.6584196e+08 | T24: =SUM(Q24:S24) -> 8.0939228e+08 | U24: =T24/T25 -> 0.16511535
E25: Activo total | F25: =F21 -> 3303247000 | G25: =G21 -> 5555960533 | H25: =H21 -> 5895181251 | Q25: =F25*34% -> 1123103980 | R25: =G25*33% -> 1.833467e+09 | S25: =H25*33% -> 1.9454098e+09 | T25: =SUM(Q25:S25) -> 4.9019808e+09
E27: RESULTADO | H27: =IF(M27=0,"HABILITADO","NO HABILITADO") -> HABILITADO | M27: =SUM(M12:M25) -> 0
B30: ORIGINAL FIRMADO
B31: Elaboró: Ing. Sergio Alejandro Pino Rojas Profesional Master Nivel 1 Grupo ContrataciónFondo Nacional del Ahorro

Sheet 3 IG SERVICES
A1: 3 | C1: FONDO NACIONAL DEL AHORRO
C3: VERIFICACIÓN REQUISITOS HABILITANTES FINANCIEROS
C5: OBJETO PROCESO | D5: ='DATOS DE ENTRADA'!F1 -> CONTRATAR UNA FÁBRICA DE SOFTWARE QUE REALICE EL SOPORTE, MANTENIMIENTO, DESARROLLO DE APLICACIONES E INTEGRACIÓN DE SOLUCIONES, DEL PORTAFOLIO DEFINIDO POR EL FNA.
C6: NUMERO DE PROCESO | D6: ='DATOS DE ENTRADA'!F2 -> CONVOCATORIA PÚBLICA FNA-SG-CP-034-2020
C7: PROPONENTE | D7: =LOOKUP(A1,'DATOS DE ENTRADA'!A2:A11,'DATOS DE ENTRADA'!B2:B11) -> IG SERVICES S.A.S.
C9: VERIFICACION EXPEDICIÓN REGISTRO UNICO DE PROPONENTES
C11: FECHA CIERRE PROCESO | D11: 44161
C12: FECHA EXPEDICION RUP | D12: 44138 | H12: =IF(D12>=M12,"CUMPLE","NO CUMPLE") -> CUMPLE | K12: =IF(H12="CUMPLE",0,1) -> 0 | M12: 44130 | N12: 30 dias anteriores
C13: FECHA ULTIMA RENOVACION | D13: 43959 | H13: =IF(D13<=M13,"CUMPLE","NO CUMPLE") -> CUMPLE | K13: =IF(H13="CUMPLE",0,1) -> 0 | M13: 44147 | N13: 10 dias habiles
B15: VERIFICACIÓN DE LA CAPACIDAD FINANCIERA | C15: DESCRIPCION | D15: CRITERIO | E15: ITEM | F15: VALOR | G15: INDICADOR | H15: RESULTADO VERIFICACION | I15: DOCUMENTO ELECTRONICO | J15: OBSERVACIONES
B16: REQUISITOS FINANCIEROS Y CAPACIDAD ORGANIZACIONAL. | C16: Capital de Trabajo ≥ 30% de $12.918.797.424 | D16: =30%*12918797424 -> 3.8756392e+09 | E16: Activo Corriente | F16: 38320145000 | G16: =F16-F17 -> 14335502000 | H16: =IF(G16>=D16,"CUMPLE","NO CUMPLE") -> CUMPLE | I16: RUP IG SERVICES - noviembre 2020_1.pdf | K16: =IF(H16="CUMPLE",0,1) -> 0
E17: Pasivo Corriente | F17: 23984643000
B18: REQUISITOS FINANCIEROS Y CAPACIDAD ORGANIZACIONAL. | C18: Índice de Liquidez ≥ 1.30 | D18: 1.3 | E18: Activo Corriente | F18: =F16 -> 38320145000 | G18: =F18/F19 -> 1.597695 | H18: =IF(G18>=D18,"CUMPLE","NO CUMPLE") -> CUMPLE | I18: RUP IG SERVICES - noviembre 2020_1.pdf | K18: =IF(H18="CUMPLE",0,1) -> 0
E19: Pasivo Corriente | F19: =F17 -> 23984643000
B20: REQUISITOS FINANCIEROS Y CAPACIDAD ORGANIZACIONAL. | C20: Nivel de Endeudamiento ≤ 0.70 | D20: 0.7 | E20: Pasivo Total | F20: 45896785000 | G20: =F20/F21 -> 0.50467644 | H20: =IF(G20<=D20,"CUMPLE","NO CUMPLE") -> CUMPLE | I20: RUP IG SERVICES - noviembre 2020_1.pdf | K20: =IF(H20="CUMPLE",0,1) -> 0
E21: Activo Total | F21: 90942991000
B22: REQUISITOS FINANCIEROS Y CAPACIDAD ORGANIZACIONAL. | C22: Rentabilidad sobre Patrimonio ≥ 0,00 | D22: 0 | E22: Utilidad Operacional | F22: 7985325000 | G22: =F22/F23 -> 0.17726965 | H22: =IF(G22>=D22,"CUMPLE","NO CUMPLE") -> CUMPLE | I22: RUP IG SERVICES - noviembre 2020_1.pdf | K22: =IF(H22="CUMPLE",0,1) -> 0
E23: Patrimonio | F23: 45046206000
B24: REQUISITOS FINANCIEROS Y CAPACIDAD ORGANIZACIONAL. | C24: Rentabilidad sobre Activo ≥ 0,00 | D24: 0 | E24: Utilidad Operacional | F24: =F22 -> 7985325000 | G24: =F24/F25 -> 0.087805832 | H24: =IF(G24>=D24,"CUMPLE","NO CUMPLE") -> CUMPLE | I24: RUP IG SERVICES - noviembre 2020_1.pdf | K24: =IF(H24="CUMPLE",0,1) -> 0
E25: Activo total | F25: =F21 -> 90942991000
E27: RESULTADO | G27: =IF(K27=0,"HABILITADO","NO HABILITADO") -> HABILITADO | K27: =SUM(K12:K25) -> 0
B30: ORIGINAL FIRMADO
B31: Elaboró: Ing. Sergio Alejandro Pino Rojas Profesional Master Nivel 1 Grupo ContrataciónFondo Nacional del Ahorro

Sheet 2 UT H&A
A1: 2 | C1: FONDO NACIONAL DEL AHORRO
C3: VERIFICACIÓN REQUISITOS HABILITANTES FINANCIEROS
C5: OBJETO PROCESO | D5: ='DATOS DE ENTRADA'!F1 -> CONTRATAR UNA FÁBRICA DE SOFTWARE QUE REALICE EL SOPORTE, MANTENIMIENTO, DESARROLLO DE APLICACIONES E INTEGRACIÓN DE SOLUCIONES, DEL PORTAFOLIO DEFINIDO POR EL FNA.
C6: NUMERO DE PROCESO | D6: ='DATOS DE ENTRADA'!F2 -> CONVOCATORIA PÚBLICA FNA-SG-CP-034-2020
C7: PROPONENTE | D7: =LOOKUP(A1,'DATOS DE ENTRADA'!A2:A11,'DATOS DE ENTRADA'!B2:B11) -> Unión Temporal H&A
C9: VERIFICACION EXPEDICIÓN REGISTRO UNICO DE PROPONENTES
C11: FECHA CIERRE PROCESO | D11: 44161
C12: FECHA EXPEDICION RUP | D12: 44132 | G12: 44133 | I12: =IF(D12>=N12,"CUMPLE","NO CUMPLE") -> CUMPLE | L12: =IF(I12="CUMPLE",0,1) -> 0 | N12: 44130 | O12: 30 dias anteriores
C13: FECHA ULTIMA RENOVACION | D13: 43956 | G13: 44039 | I13: =IF(D13<=N13,"CUMPLE","NO CUMPLE") -> CUMPLE | L13: =IF(I13="CUMPLE",0,1) -> 0 | N13: 44147 | O13: 10 dias habiles
B15: VERIFICACIÓN DE LA CAPACIDAD FINANCIERA | C15: DESCRIPCION | D15: CRITERIO | E15: ITEM | F15: Heinsohn Business Technology S.A 50% | G15: Asesoftware SAS 50% | H15: INDICADOR | I15: RESULTADO VERIFICACION | J15: DOCUMENTO ELECTRONICO | K15: OBSERVACIONES
B16: REQUISITOS FINANCIEROS Y CAPACIDAD ORGANIZACIONAL. | C16: Capital de Trabajo ≥ 30% de $12.918.797.424 | D16: =30%*12918797424 -> 3.8756392e+09 | E16: Activo Corriente | F16: 30939146358 | G16: 15373133435 | H16: =(F16-F17)+(G16-G17) -> 21638060197 | I16: =IF(H16>=D16,"CUMPLE","NO CUMPLE") -> CUMPLE | J16: 005. Registro Unico de Proponentes UT_H&A_1.pdf | L16: =IF(I16="CUMPLE",0,1) -> 0
E17: Pasivo Corriente | F17: 18065753268 | G17: 6608466328
B18: REQUISITOS FINANCIEROS Y CAPACIDAD ORGANIZACIONAL. | C18: Índice de Liquidez ≥ 1.30 | D18: 1.3 | E18: Activo Corriente | F18: =F16 -> 30939146358 | G18: =G16 -> 15373133435 | H18: =S18 -> 1.8769501 | I18: =IF(H18>=D18,"CUMPLE","NO CUMPLE") -> CUMPLE | J18: 005. Registro Unico de Proponentes UT_H&A_1.pdf | L18: =IF(I18="CUMPLE",0,1) -> 0 | P18: =F18*50% -> 15469573179 | Q18: =G18*50% -> 7.6865667e+09 | R18: =SUM(P18:Q18) -> 2.315614e+10 | S18: =R18/R19 -> 1.8769501
E19: Pasivo Corriente | F19: =F17 -> 18065753268 | G19: =G17 -> 6608466328 | P19: =F19*50% -> 9032876634 | Q19: =G19*50% -> 3304233164 | R19: =SUM(P19:Q19) -> 12337109798
B20: REQUISITOS FINANCIEROS Y CAPACIDAD ORGANIZACIONAL. | C20: Nivel de Endeudamiento ≤ 0.70 | D20: 0.7 | E20: Pasivo Total | F20: 18320626096 | G20: 7080834532 | H20: =S20 -> 0.41737601 | I20: =IF(H20<=D20,"CUMPLE","NO CUMPLE") -> CUMPLE | J20: 005. Registro Unico de Proponentes UT_H&A_1.pdf | L20: =IF(I20="CUMPLE",0,1) -> 0 | P20: =F20*50% -> 9160313048 | Q20: =G20*50% -> 3540417266 | R20: =SUM(P20:Q20) -> 12700730314 | S20: =R20/R21 -> 0.41737601
E21: Activo Total | F21: 43605805516 | G21: 17254090634 | P21: =F21*50% -> 21802902758 | Q21: =G21*50% -> 8627045317 | R21: =SUM(P21:Q21) -> 30429948075
B22: REQUISITOS FINANCIEROS Y CAPACIDAD ORGANIZACIONAL. | C22: Rentabilidad sobre Patrimonio ≥ 0,00 | D22: 0 | E22: Utilidad Operacional | F22: 4299690459 | G22: 6189123127 | H22: =S22 -> 0.29580588 | I22: =IF(H22>=D22,"CUMPLE","NO CUMPLE") -> CUMPLE | J22: 005. Registro Unico de Proponentes UT_H&A_1.pdf | L22: =IF(I22="CUMPLE",0,1) -> 0 | P22: =F22*50% -> 2.1498452e+09 | Q22: =G22*50% -> 3.0945616e+09 | R22: =SUM(P22:Q22) -> 5244406793 | S22: =R22/R23 -> 0.29580588
E23: Patrimonio | F23: 25285179420 | G23: 10173256102 | P23: =F23*50% -> 12642589710 | Q23: =G23*50% -> 5086628051 | R23: =SUM(P23:Q23) -> 17729217761
B24: REQUISITOS FINANCIEROS Y CAPACIDAD ORGANIZACIONAL. | C24: Rentabilidad sobre Activo ≥ 0,00 | D24: 0 | E24: Utilidad Operacional | F24: =F22 -> 4299690459 | G24: =G22 -> 6189123127 | H24: =S24 -> 0.1723436 | I24: =IF(H24>=D24,"CUMPLE","NO CUMPLE") -> CUMPLE | J24: 005. Registro Unico de Proponentes UT_H&A_1.pdf | L24: =IF(I24="CUMPLE",0,1) -> 0 | P24: =F24*50% -> 2.1498452e+09 | Q24: =G24*50% -> 3.0945616e+09 | R24: =SUM(P24:Q24) -> 5244406793 | S24: =R24/R25 -> 0.1723436
E25: Activo total | F25: =F21 -> 43605805516 | G25: =G21 -> 17254090634 | P25: =F25*50% -> 21802902758 | Q25: =G25*50% -> 8627045317 | R25: =SUM(P25:Q25) -> 30429948075
E27: RESULTADO | G27: =IF(L27=0,"HABILITADO","NO HABILITADO") -> HABILITADO | L27: =SUM(L12:L25) -> 0
B30: ORIGINAL FIRMADO
B31: Elaboró: Ing. Sergio Alejandro Pino Rojas Profesional Master Nivel 1 Grupo ContrataciónFondo Nacional del Ahorro

Sheet 1 STEFANINI
A1: 1 | C1: FONDO NACIONAL DEL AHORRO
C3: VERIFICACIÓN REQUISITOS HABILITANTES FINANCIEROS
C5: OBJETO PROCESO | D5: ='DATOS DE ENTRADA'!F1 -> CONTRATAR UNA FÁBRICA DE SOFTWARE QUE REALICE EL SOPORTE, MANTENIMIENTO, DESARROLLO DE APLICACIONES E INTEGRACIÓN DE SOLUCIONES, DEL PORTAFOLIO DEFINIDO POR EL FNA.
C6: NUMERO DE PROCESO | D6: ='DATOS DE ENTRADA'!F2 -> CONVOCATORIA PÚBLICA FNA-SG-CP-034-2020
C7: PROPONENTE | D7: =LOOKUP(A1,'DATOS DE ENTRADA'!A2:A11,'DATOS DE ENTRADA'!B2:B11) -> INFORMATICA & TECNOLOGIA STEFANINI SA
C9: VERIFICACION EXPEDICIÓN REGISTRO UNICO DE PROPONENTES
C11: FECHA CIERRE PROCESO | D11: 44161
C12: FECHA EXPEDICION RUP | D12: 44133 | H12: =IF(D12>=M12,"CUMPLE","NO CUMPLE") -> CUMPLE | K12: =IF(H12="CUMPLE",0,1) -> 0 | M12: 44130 | N12: 30 dias anteriores
C13: FECHA ULTIMA RENOVACION | D13: 44001 | H13: =IF(D13<=M13,"CUMPLE","NO CUMPLE") -> CUMPLE | K13: =IF(H13="CUMPLE",0,1) -> 0 | M13: 44147 | N13: 10 dias habiles
B15: VERIFICACIÓN DE LA CAPACIDAD FINANCIERA | C15: DESCRIPCION | D15: CRITERIO | E15: ITEM | F15: VALOR | G15: INDICADOR | H15: RESULTADO VERIFICACION | I15: DOCUMENTO ELECTRONICO | J15: OBSERVACIONES
B16: REQUISITOS FINANCIEROS Y CAPACIDAD ORGANIZACIONAL. | C16: Capital de Trabajo ≥ 30% de $12.918.797.424 | D16: =30%*12918797424 -> 3.8756392e+09 | E16: Activo Corriente | F16: 26991765000 | G16: =F16-F17 -> 17805525000 | H16: =IF(G16>=D16,"CUMPLE","NO CUMPLE") -> CUMPLE | I16: 1.4.1. Rup.pdf | K16: =IF(H16="CUMPLE",0,1) -> 0
E17: Pasivo Corriente | F17: 9186240000
B18: REQUISITOS FINANCIEROS Y CAPACIDAD ORGANIZACIONAL. | C18: Índice de Liquidez ≥ 1.30 | D18: 1.3 | E18: Activo Corriente | F18: =F16 -> 26991765000 | G18: =F18/F19 -> 2.9382821 | H18: =IF(G18>=D18,"CUMPLE","NO CUMPLE") -> CUMPLE | I18: 1.4.1. Rup.pdf | K18: =IF(H18="CUMPLE",0,1) -> 0
E19: Pasivo Corriente | F19: =F17 -> 9186240000
B20: REQUISITOS FINANCIEROS Y CAPACIDAD ORGANIZACIONAL. | C20: Nivel de Endeudamiento ≤ 0.70 | D20: 0.7 | E20: Pasivo Total | F20: 11227913000 | G20: =F20/F21 -> 0.33063652 | H20: =IF(G20<=D20,"CUMPLE","NO CUMPLE") -> CUMPLE | I20: 1.4.1. Rup.pdf | K20: =IF(H20="CUMPLE",0,1) -> 0
E21: Activo Total | F21: 33958478000
B22: REQUISITOS FINANCIEROS Y CAPACIDAD ORGANIZACIONAL. | C22: Rentabilidad sobre Patrimonio ≥ 0,00 | D22: 0 | E22: Utilidad Operacional | F22: 10041276000 | G22: =F22/F23 -> 0.44175215 | H22: =IF(G22>=D22,"CUMPLE","NO CUMPLE") -> CUMPLE | I22: 1.4.1. Rup.pdf | K22: =IF(H22="CUMPLE",0,1) -> 0
E23: Patrimonio | F23: 22730565000
B24: REQUISITOS FINANCIEROS Y CAPACIDAD ORGANIZACIONAL. | C24: Rentabilidad sobre Activo ≥ 0,00 | D24: 0 | E24: Utilidad Operacional | F24: =F22 -> 10041276000 | G24: =F24/F25 -> 0.29569276 | H24: =IF(G24>=D24,"CUMPLE","NO CUMPLE") -> CUMPLE | I24: 1.4.1. Rup.pdf | K24: =IF(H24="CUMPLE",0,1) -> 0
E25: Activo total | F25: =F21 -> 33958478000
E27: RESULTADO | G27: =IF(K27=0,"HABILITADO","NO HABILITADO") -> HABILITADO | K27: =SUM(K12:K25) -> 0
B30: ORIGINAL FIRMADO
B31: Elaboró: Ing. Sergio Alejandro Pino Rojas Profesional Master Nivel 1 Grupo ContrataciónFondo Nacional del Ahorro

Sheet DATOS DE ENTRADA
A1: N° | B1: PROPONENTE | C1: RESULTADO | E1: OBJETO PROCESO | F1: CONTRATAR UNA FÁBRICA DE SOFTWARE QUE REALICE EL SOPORTE, MANTENIMIENTO, DESARROLLO DE APLICACIONES E INTEGRACIÓN DE SOLUCIONES, DEL PORTAFOLIO DEFINIDO POR EL FNA.
A2: 1 | B2: INFORMATICA & TECNOLOGIA STEFANINI SA | C2: ='1 STEFANINI'!G27 -> HABILITADO | E2: NUMERO DE PROCESO | F2: CONVOCATORIA PÚBLICA FNA-SG-CP-034-2020
A3: 2 | B3: Unión Temporal H&A | C3: ='2 UT H&A'!G27 -> HABILITADO | E3: PRESUPUESTO | F3: 18172271720
A4: 3 | B4: IG SERVICES S.A.S. | C4: ='3 IG SERVICES'!G27 -> HABILITADO
A5: 4 | B5: CONSORCIO ISI FABRICA FNA 2020 | C5: ='4 CONSORCIO ISI'!H27 -> HABILITADO
A6: 5 | B6: CONSORCIO FÁBRICA FNA KRUGER SOFTCARIBBEAN TSTI 2020 | C6: ='5 CONSORCIO KRUEGER'!H27 -> HABILITADO
A7: 6 | B7: INDRA COLOMBIA S.A.S | C7: ='6 INDRA'!G27 -> HABILITADO
A8: 7 | B8: IBM DE COLOMBIA & CIA S.C.A. | C8: ='7 IBM'!G27 -> RECHAZADO
A9: 8 | B9: UNION TEMPORAL UT FNA FABRICA SW 20-23 | C9: ='8 UT FNA FABRICA'!G27 -> HABILITADO
A10: 9 | B10: UNION TEMPORAL ADA-MOVIL | C10: ='9 UT ADA-MOVIL'!G27 -> RECHAZADO
A11: 10 | B11: UNIÓN TEMPORAL FÁBRICA-SOFT | C11: ='10 UT FABRICA SOFT'!G27 -> HABILITADO

Sheet CONSOLIDADO FINANCIERO
A1: FONDO NACIONAL DEL AHORRO
A3: CONSOLIDADO VERIFICACIÓN FINANCIERA
A5: OBJETO PROCESO | C5: ='DATOS DE ENTRADA'!F1 -> CONTRATAR UNA FÁBRICA DE SOFTWARE QUE REALICE EL SOPORTE, MANTENIMIENTO, DESARROLLO DE APLICACIONES E INTEGRACIÓN DE SOLUCIONES, DEL PORTAFOLIO DEFINIDO POR EL FNA.
A6: NUMERO DE PROCESO | C6: ='DATOS DE ENTRADA'!F2 -> CONVOCATORIA PÚBLICA FNA-SG-CP-034-2020
A8: N° | B8: PROPONENTE | C8: RESULTADO | D8: OBSERVACIONES
A9: 1 | B9: ='DATOS DE ENTRADA'!B2 -> INFORMATICA & TECNOLOGIA STEFANINI SA | C9: ='DATOS DE ENTRADA'!C2 -> HABILITADO | D9: N/A
A10: 2 | B10: ='DATOS DE ENTRADA'!B3 -> Unión Temporal H&A | C10: ='DATOS DE ENTRADA'!C3 -> HABILITADO | D10: N/A
A11: 3 | B11: ='DATOS DE ENTRADA'!B4 -> IG SERVICES S.A.S. | C11: ='DATOS DE ENTRADA'!C4 -> HABILITADO | D11: N/A
A12: 4 | B12: ='DATOS DE ENTRADA'!B5 -> CONSORCIO ISI FABRICA FNA 2020 | C12: ='DATOS DE ENTRADA'!C5 -> HABILITADO | D12: N/A
A13: 5 | B13: ='DATOS DE ENTRADA'!B6 -> CONSORCIO FÁBRICA FNA KRUGER SOFTCARIBBEAN TSTI 2020 | C13: ='DATOS DE ENTRADA'!C6 -> HABILITADO | D13: N/A
A14: 6 | B14: ='DATOS DE ENTRADA'!B7 -> INDRA COLOMBIA S.A.S | C14: ='DATOS DE ENTRADA'!C7 -> HABILITADO | D14: N/A
A15: 7 | B15: ='DATOS DE ENTRADA'!B8 -> IBM DE COLOMBIA & CIA S.C.A. | C15: ='DATOS DE ENTRADA'!C8 -> RECHAZADO | D15: ='7 IBM'!J16 -> El indice de liquidez es inferior al solicitado por la entidad.
A16: 8 | B16: ='DATOS DE ENTRADA'!B9 -> UNION TEMPORAL UT FNA FABRICA SW 20-23 | C16: ='DATOS DE ENTRADA'!C9 -> HABILITADO | D16: ='8 UT FNA FABRICA'!K16 -> Subsanó mediante mensaje CO1.MSG.2233317
A17: 9 | B17: ='DATOS DE ENTRADA'!B10 -> UNION TEMPORAL ADA-MOVIL | C17: ='DATOS DE ENTRADA'!C10 -> RECHAZADO | D17: ='9 UT ADA-MOVIL'!K16 -> El integrante Inteligencia Movil aportó el RUP, pero no se evidencia la fecha de expedición del mismo.
A18: 10 | B18: ='DATOS DE ENTRADA'!B11 -> UNIÓN TEMPORAL FÁBRICA-SOFT | C18: ='DATOS DE ENTRADA'!C11 -> HABILITADO | D18: N/A
A21: ORIGINAL FIRMADO
A22: Elaboró: Ing. Sergio Alejandro Pino Rojas Profesional Master Nivel 1 Grupo Contratación Fondo Nacional del Ahorro

Sheet EVALUACION ECONOMICA
L2: ='CONSOLIDADO FINANCIERO'!B9 -> INFORMATICA & TECNOLOGIA STEFANINI SA | N2: ='CONSOLIDADO FINANCIERO'!B10 -> Unión Temporal H&A | P2: ='CONSOLIDADO FINANCIERO'!B11 -> IG SERVICES S.A.S. | R2: ='CONSOLIDADO FINANCIERO'!B12 -> CONSORCIO ISI FABRICA FNA 2020 | T2: ='CONSOLIDADO FINANCIERO'!B13 -> CONSORCIO FÁBRICA FNA KRUGER SOFTCARIBBEAN TSTI 2020 | V2: ='CONSOLIDADO FINANCIERO'!B14 -> INDRA COLOMBIA S.A.S | X2: ='CONSOLIDADO FINANCIERO'!B15 -> IBM DE COLOMBIA & CIA S.C.A. | Z2: ='CONSOLIDADO FINANCIERO'!B16 -> UNION TEMPORAL UT FNA FABRICA SW 20-23 | AB2: ='CONSOLIDADO FINANCIERO'!B17 -> UNION TEMPORAL ADA-MOVIL | AD2: ='CONSOLIDADO FINANCIERO'!B18 -> UNIÓN TEMPORAL FÁBRICA-SOFT
G3: VALOR DE REFERENCIA FNA DEL BIEN O SERVICIO A CONTRATAR | L3: VALOR OFERTADO DEL BIEN O SERVICIO A CONTRATAR | N3: VALOR OFERTADO DEL BIEN O SERVICIO A CONTRATAR | P3: VALOR OFERTADO DEL BIEN O SERVICIO A CONTRATAR | R3: VALOR OFERTADO DEL BIEN O SERVICIO A CONTRATAR | T3: VALOR OFERTADO DEL BIEN O SERVICIO A CONTRATAR | V3: VALOR OFERTADO DEL BIEN O SERVICIO A CONTRATAR | X3: VALOR OFERTADO DEL BIEN O SERVICIO A CONTRATAR | Z3: VALOR OFERTADO DEL BIEN O SERVICIO A CONTRATAR | AB3: VALOR OFERTADO DEL BIEN O SERVICIO A CONTRATAR | AD3: VALOR OFERTADO DEL BIEN O SERVICIO A CONTRATAR
B4: ITEM | C4: DESCRIPCIÓN | D4: PLAZO EN MESES | E4: UNIDAD DE MEDIDA | F4: CANT. | G4: VALOR UNIT. (antes de IVA) | H4: IVA | I4: VALOR UNIT. (IVA incluído) | J4: VALOR TOTAL (IVA Incluído) | K4: VALOR TOTAL POR PLAZO DE EJECUCIÓN (IVA Incluído) | L4: VALOR UNIT. (antes de IVA) | M4: VERIFICACION | N4: VALOR UNIT. (antes de IVA) | O4: VERIFICACION | P4: VALOR UNIT. (antes de IVA) | Q4: VERIFICACION | R4: VALOR UNIT. (antes de IVA) | S4: VERIFICACION | T4: VALOR UNIT. (antes de IVA) | U4: VERIFICACION | V4: VALOR UNIT. (antes de IVA) | W4: VERIFICACION | X4: VALOR UNIT. (antes de IVA) | Y4: VERIFICACION | Z4: VALOR UNIT. (antes de IVA) | AA4: VERIFICACION | AB4: VALOR UNIT. (antes de IVA) | AC4: VERIFICACION | AD4: VALOR UNIT. (antes de IVA) | AE4: VERIFICACION
B5: 1 | C5: SERVICIO DE SOPORTE Y MANTENIMIENTO DE APLICATIVOS (De conformidad con lo establecido en el Anexo 1 Requerimientos Técnicos y Anexo 2 Personal Mínimo Requerido) | D5: 24 | E5: GLOBAL | F5: 1 | G5: 264679093 | H5: =+ROUND((G5*19%),0) -> 50289028 | I5: =H5+G5 -> 314968121 | J5: =I5*F5 -> 314968121 | K5: =J5*D5 -> 7559234904 | L5: 190947000 | M5: =IF(L5<=$G5,"CUMPLE","NO CUMPLE") -> CUMPLE | N5: 198533310 | O5: =IF(N5<=$G5,"CUMPLE","NO CUMPLE") -> CUMPLE | P5: 211331250 | Q5: =IF(P5<=$G5,"CUMPLE","NO CUMPLE") -> CUMPLE | R5: 237734761 | S5: =IF(R5<=$G5,"CUMPLE","NO CUMPLE") -> CUMPLE | T5: 145513513 | U5: =IF(T5<=$G5,"CUMPLE","NO CUMPLE") -> CUMPLE | V5: 149922205 | W5: =IF(V5<=$G5,"CUMPLE","NO CUMPLE") -> CUMPLE | X5: 207232831 | Y5: =IF(X5<=$G5,"CUMPLE","NO CUMPLE") -> CUMPLE | Z5: 233100000 | AA5: =IF(Z5<=$G5,"CUMPLE","NO CUMPLE") -> CUMPLE | AB5: 2.2438876e+08 | AC5: =IF(AB5<=$G5,"CUMPLE","NO CUMPLE") -> CUMPLE | AD5: 211743275 | AE5: =IF(AD5<=$G5,"CUMPLE","NO CUMPLE") -> CUMPLE
B6: 2 | C6: SERVICIO DE ANÁLISIS Y DESARROLLO DE APLICATIVOS (De conformidad con lo establecido en el Anexo 1 Requerimientos Técnicos y Anexo 2 Personal Mínimo Requerido) | D6: 24 | E6: GLOBAL | F6: 1 | G6: 103447403 | H6: =+ROUND((G6*19%),0) -> 19655007 | I6: =H6+G6 -> 123102410 | J6: =I6*F6 -> 123102410 | K6: =J6*D6 -> 2954457840 | L6: 70229000 | M6: =IF(L6<=$G6,"CUMPLE","NO CUMPLE") -> CUMPLE | N6: 77594928 | O6: =IF(N6<=$G6,"CUMPLE","NO CUMPLE") -> CUMPLE | P6: 89505000 | Q6: =IF(P6<=$G6,"CUMPLE","NO CUMPLE") -> CUMPLE | R6: 92916457 | S6: =IF(R6<=$G6,"CUMPLE","NO CUMPLE") -> CUMPLE | T6: 58297657 | U6: =IF(T6<=$G6,"CUMPLE","NO CUMPLE") -> CUMPLE | V6: 65005910 | W6: =IF(V6<=$G6,"CUMPLE","NO CUMPLE") -> CUMPLE | X6: 100307133 | Y6: =IF(X6<=$G6,"CUMPLE","NO CUMPLE") -> CUMPLE | Z6: 77187500 | AA6: =IF(Z6<=$G6,"CUMPLE","NO CUMPLE") -> CUMPLE | AB6: 99289003 | AC6: =IF(AB6<=$G6,"CUMPLE","NO CUMPLE") -> CUMPLE | AD6: 82757923 | AE6: =IF(AD6<=$G6,"CUMPLE","NO CUMPLE") -> CUMPLE
B7: 3 | C7: SERVICIO DE INTEGRACIÓN DE SOLUCIONES (De conformidad con lo establecido en el Anexo 1 Requerimientos Técnicos y Anexo 2 Personal Mínimo Requerido) | D7: 24 | E7: GLOBAL | F7: 1 | G7: 84212349 | H7: =+ROUND((G7*19%),0) -> 16000346 | I7: =H7+G7 -> 100212695 | J7: =I7*F7 -> 100212695 | K7: =J7*D7 -> 2405104680 | L7: 77232000 | M7: =IF(L7<=$G7,"CUMPLE","NO CUMPLE") -> CUMPLE | N7: 63166895 | O7: =IF(N7<=$G7,"CUMPLE","NO CUMPLE") -> CUMPLE | P7: 81281250 | Q7: =IF(P7<=$G7,"CUMPLE","NO CUMPLE") -> CUMPLE | R7: 75639532 | S7: =IF(R7<=$G7,"CUMPLE","NO CUMPLE") -> CUMPLE | T7: 65764324 | U7: =IF(T7<=$G7,"CUMPLE","NO CUMPLE") -> CUMPLE | V7: 56152170 | W7: =IF(V7<=$G7,"CUMPLE","NO CUMPLE") -> CUMPLE | X7: 84135203 | Y7: =IF(X7<=$G7,"CUMPLE","NO CUMPLE") -> CUMPLE | Z7: 75437500 | AA7: =IF(Z7<=$G7,"CUMPLE","NO CUMPLE") -> CUMPLE | AB7: 83493171 | AC7: =IF(AB7<=$G7,"CUMPLE","NO CUMPLE") -> CUMPLE | AD7: 67369879 | AE7: =IF(AD7<=$G7,"CUMPLE","NO CUMPLE") -> CUMPLE
B8: TOTAL SERVICIOS | G8: =SUM(G5:G7) -> 452338845 | H8: =SUM(H5:H7) -> 85944381 | I8: =SUM(I5:I7) -> 538283226 | J8: =SUM(J5:J7) -> 538283226 | K8: =SUM(K5:K7) -> 12918797424 | L8: =SUM(L5:L7) -> 338408000 | N8: =SUM(N5:N7) -> 339295133 | P8: =SUM(P5:P7) -> 382117500 | R8: =SUM(R5:R7) -> 406290750 | T8: =SUM(T5:T7) -> 269575494 | V8: =SUM(V5:V7) -> 271080285 | X8: =SUM(X5:X7) -> 391675167 | Z8: =SUM(Z5:Z7) -> 385725000 | AB8: =SUM(AB5:AB7) -> 407170939 | AD8: =SUM(AD5:AD7) -> 361871077
B9: 4 | C9: BOLSA DE HORAS POR DEMANDA
B10: 4.1 | C10: Gerente Técnico | D10: N.A. | E10: HORA HOMBRE | F10: 1 | G10: 186498 | H10: =+ROUND((G10*19%),0) -> 35435 | I10: =H10+G10 -> 221933 | J10: =I10*F10 -> 221933 | K10: =J10*F10 -> 221933 | L10: 186400 | M10: =IF(L10<=$G10,"CUMPLE","NO CUMPLE") -> CUMPLE | N10: 186498 | O10: =IF(N10<=$G10,"CUMPLE","NO CUMPLE") -> CUMPLE | P10: 123463 | Q10: =IF(P10<=$G10,"CUMPLE","NO CUMPLE") -> CUMPLE | R10: 186498 | S10: =IF(R10<=$G10,"CUMPLE","NO CUMPLE") -> CUMPLE | T10: 186498 | U10: =IF(T10<=$G10,"CUMPLE","NO CUMPLE") -> CUMPLE | V10: 117501 | W10: =IF(V10<=$G10,"CUMPLE","NO CUMPLE") -> CUMPLE | X10: 186498 | Y10: =IF(X10<=$G10,"CUMPLE","NO CUMPLE") -> CUMPLE | Z10: 184633 | AA10: =IF(Z10<=$G10,"CUMPLE","NO CUMPLE") -> CUMPLE | AB10: 133841 | AC10: =IF(AB10<=$G10,"CUMPLE","NO CUMPLE") -> CUMPLE | AD10: 149198 | AE10: =IF(AD10<=$G10,"CUMPLE","NO CUMPLE") -> CUMPLE
B11: 4.2 | C11: Líder Servicio de Soporte y Mantenimiento | D11: N.A. | E11: HORA HOMBRE | F11: 1 | G11: 152081 | H11: =+ROUND((G11*19%),0) -> 28895 | I11: =H11+G11 -> 180976 | J11: =I11*F11 -> 180976 | K11: =J11*F11 -> 180976 | L11: 152000 | M11: =IF(L11<=$G11,"CUMPLE","NO CUMPLE") -> CUMPLE | N11: 152081 | O11: =IF(N11<=$G11,"CUMPLE","NO CUMPLE") -> CUMPLE | P11: 105910 | Q11: =IF(P11<=$G11,"CUMPLE","NO CUMPLE") -> CUMPLE | R11: 152081 | S11: =IF(R11<=$G11,"CUMPLE","NO CUMPLE") -> CUMPLE | T11: 152081 | U11: =IF(T11<=$G11,"CUMPLE","NO CUMPLE") -> CUMPLE | V11: 84698 | W11: =IF(V11<=$G11,"CUMPLE","NO CUMPLE") -> CUMPLE | X11: 152081 | Y11: =IF(X11<=$G11,"CUMPLE","NO CUMPLE") -> CUMPLE | Z11: 150560 | AA11: =IF(Z11<=$G11,"CUMPLE","NO CUMPLE") -> CUMPLE | AB11: 125236 | AC11: =IF(AB11<=$G11,"CUMPLE","NO CUMPLE") -> CUMPLE | AD11: 121665 | AE11: =IF(AD11<=$G11,"CUMPLE","NO CUMPLE") -> CUMPLE
B12: 4.3 | C12: Técnico JAVA | D12: N.A. | E12: HORA HOMBRE | F12: 1 | G12: 125983 | H12: =+ROUND((G12*19%),0) -> 23937 | I12: =H12+G12 -> 149920 | J12: =I12*F12 -> 149920 | K12: =J12*F12 -> 149920 | L12: 125900 | M12: =IF(L12<=$G12,"CUMPLE","NO CUMPLE") -> CUMPLE | N12: 125983 | O12: =IF(N12<=$G12,"CUMPLE","NO CUMPLE") -> CUMPLE | P12: 69035 | Q12: =IF(P12<=$G12,"CUMPLE","NO CUMPLE") -> CUMPLE | R12: 125983 | S12: =IF(R12<=$G12,"CUMPLE","NO CUMPLE") -> CUMPLE | T12: 125983 | U12: =IF(T12<=$G12,"CUMPLE","NO CUMPLE") -> CUMPLE | V12: 65077 | W12: =IF(V12<=$G12,"CUMPLE","NO CUMPLE") -> CUMPLE | X12: 98267 | Y12: =IF(X12<=$G12,"CUMPLE","NO CUMPLE") -> CUMPLE | Z12: 124723 | AA12: =IF(Z12<=$G12,"CUMPLE","NO CUMPLE") -> CUMPLE | AB12: 81346 | AC12: =IF(AB12<=$G12,"CUMPLE","NO CUMPLE") -> CUMPLE | AD12: 100786 | AE12: =IF(AD12<=$G12,"CUMPLE","NO CUMPLE") -> CUMPLE
B13: 4.4 | C13: Técnico .Net/Mobile | D13: N.A. | E13: HORA HOMBRE | F13: 1 | G13: 124529 | H13: =+ROUND((G13*19%),0) -> 23661 | I13: =H13+G13 -> 148190 | J13: =I13*F13 -> 148190 | K13: =J13*F13 -> 148190 | L13: 124500 | M13: =IF(L13<=$G13,"CUMPLE","NO CUMPLE") -> CUMPLE | N13: 124529 | O13: =IF(N13<=$G13,"CUMPLE","NO CUMPLE") -> CUMPLE | P13: 69035 | Q13: =IF(P13<=$G13,"CUMPLE","NO CUMPLE") -> CUMPLE | R13: 124529 | S13: =IF(R13<=$G13,"CUMPLE","NO CUMPLE") -> CUMPLE | T13: 124529 | U13: =IF(T13<=$G13,"CUMPLE","NO CUMPLE") -> CUMPLE | V13: 65077 | W13: =IF(V13<=$G13,"CUMPLE","NO CUMPLE") -> CUMPLE | X13: 112077 | Y13: =IF(X13<=$G13,"CUMPLE","NO CUMPLE") -> CUMPLE | Z13: 123283 | AA13: =IF(Z13<=$G13,"CUMPLE","NO CUMPLE") -> CUMPLE | AB13: 75128 | AC13: =IF(AB13<=$G13,"CUMPLE","NO CUMPLE") -> CUMPLE | AD13: 99623 | AE13: =IF(AD13<=$G13,"CUMPLE","NO CUMPLE") -> CUMPLE
B14: 4.5 | C14: Técnico BPM | D14: N.A. | E14: HORA HOMBRE | F14: 1 | G14: 156733 | H14: =+ROUND((G14*19%),0) -> 29779 | I14: =H14+G14 -> 186512 | J14: =I14*F14 -> 186512 | K14: =J14*F14 -> 186512 | L14: 156700 | M14: =IF(L14<=$G14,"CUMPLE","NO CUMPLE") -> CUMPLE | N14: 156733 | O14: =IF(N14<=$G14,"CUMPLE","NO CUMPLE") -> CUMPLE | P14: 79621 | Q14: =IF(P14<=$G14,"CUMPLE","NO CUMPLE") -> CUMPLE | R14: 156733 | S14: =IF(R14<=$G14,"CUMPLE","NO CUMPLE") -> CUMPLE | T14: 156733 | U14: =IF(T14<=$G14,"CUMPLE","NO CUMPLE") -> CUMPLE | V14: 69274 | W14: =IF(V14<=$G14,"CUMPLE","NO CUMPLE") -> CUMPLE | X14: 109713 | Y14: =IF(X14<=$G14,"CUMPLE","NO CUMPLE") -> CUMPLE | Z14: 155165 | AA14: =IF(Z14<=$G14,"CUMPLE","NO CUMPLE") -> CUMPLE | AB14: 100404 | AC14: =IF(AB14<=$G14,"CUMPLE","NO CUMPLE") -> CUMPLE | AD14: 125386 | AE14: =IF(AD14<=$G14,"CUMPLE","NO CUMPLE") -> CUMPLE
B15: 4.6 | C15: Técnico Sharepoint | D15: N.A. | E15: HORA HOMBRE | F15: 1 | G15: 133479 | H15: =+ROUND((G15*19%),0) -> 25361 | I15: =H15+G15 -> 158840 | J15: =I15*F15 -> 158840 | K15: =J15*F15 -> 158840 | L15: 133400 | M15: =IF(L15<=$G15,"CUMPLE","NO CUMPLE") -> CUMPLE | N15: 133479 | O15: =IF(N15<=$G15,"CUMPLE","NO CUMPLE") -> CUMPLE | P15: 76810 | Q15: =IF(P15<=$G15,"CUMPLE","NO CUMPLE") -> CUMPLE | R15: 133479 | S15: =IF(R15<=$G15,"CUMPLE","NO CUMPLE") -> CUMPLE | T15: 133479 | U15: =IF(T15<=$G15,"CUMPLE","NO CUMPLE") -> CUMPLE | V15: 59094 | W15: =IF(V15<=$G15,"CUMPLE","NO CUMPLE") -> CUMPLE | X15: 109453 | Y15: =IF(X15<=$G15,"CUMPLE","NO CUMPLE") -> CUMPLE | Z15: 132144 | AA15: =IF(Z15<=$G15,"CUMPLE","NO CUMPLE") -> CUMPLE | AB15: 97403 | AC15: =IF(AB15<=$G15,"CUMPLE","NO CUMPLE") -> CUMPLE | AD15: 106783 | AE15: =IF(AD15<=$G15,"CUMPLE","NO CUMPLE") -> CUMPLE
B16: 4.7 | C16: Técnico BO | D16: N.A. | E16: HORA HOMBRE | F16: 1 | G16: 164546 | H16: =+ROUND((G16*19%),0) -> 31264 | I16: =H16+G16 -> 195810 | J16: =I16*F16 -> 195810 | K16: =J16*F16 -> 195810 | L16: 164500 | M16: =IF(L16<=$G16,"CUMPLE","NO CUMPLE") -> CUMPLE | N16: 164546 | O16: =IF(N16<=$G16,"CUMPLE","NO CUMPLE") -> CUMPLE | P16: 100000 | Q16: =IF(P16<=$G16,"CUMPLE","NO CUMPLE") -> CUMPLE | R16: 164546 | S16: =IF(R16<=$G16,"CUMPLE","NO CUMPLE") -> CUMPLE | T16: 164546 | U16: =IF(T16<=$G16,"CUMPLE","NO CUMPLE") -> CUMPLE | V16: 65077 | W16: =IF(V16<=$G16,"CUMPLE","NO CUMPLE") -> CUMPLE | X16: 164546 | Y16: =IF(X16<=$G16,"CUMPLE","NO CUMPLE") -> CUMPLE | Z16: 162900 | AA16: =IF(Z16<=$G16,"CUMPLE","NO CUMPLE") -> CUMPLE | AB16: 102732 | AC16: =IF(AB16<=$G16,"CUMPLE","NO CUMPLE") -> CUMPLE | AD16: 131637 | AE16: =IF(AD16<=$G16,"CUMPLE","NO CUMPLE") -> CUMPLE
B17: 4.8 | C17: Técnico SAP FI | D17: N.A. | E17: HORA HOMBRE | F17: 1 | G17: 202782 | H17: =+ROUND((G17*19%),0) -> 38529 | I17: =H17+G17 -> 241311 | J17: =I17*F17 -> 241311 | K17: =J17*F17 -> 241311 | L17: 202700 | M17: =IF(L17<=$G17,"CUMPLE","NO CUMPLE") -> CUMPLE | N17: 202782 | O17: =IF(N17<=$G17,"CUMPLE","NO CUMPLE") -> CUMPLE | P17: 95000 | Q17: =IF(P17<=$G17,"CUMPLE","NO CUMPLE") -> CUMPLE | R17: 202782 | S17: =IF(R17<=$G17,"CUMPLE","NO CUMPLE") -> CUMPLE | T17: 202782 | U17: =IF(T17<=$G17,"CUMPLE","NO CUMPLE") -> CUMPLE | V17: 65077 | W17: =IF(V17<=$G17,"CUMPLE","NO CUMPLE") -> CUMPLE | X17: 172365 | Y17: =IF(X17<=$G17,"CUMPLE","NO CUMPLE") -> CUMPLE | Z17: 200754 | AA17: =IF(Z17<=$G17,"CUMPLE","NO CUMPLE") -> CUMPLE | AB17: 108229 | AC17: =IF(AB17<=$G17,"CUMPLE","NO CUMPLE") -> CUMPLE | AD17: 162226 | AE17: =IF(AD17<=$G17,"CUMPLE","NO CUMPLE") -> CUMPLE
B18: 4.9 | C18: Técnico CRM | D18: N.A. | E18: HORA HOMBRE | F18: 1 | G18: 149881 | H18: =+ROUND((G18*19%),0) -> 28477 | I18: =H18+G18 -> 178358 | J18: =I18*F18 -> 178358 | K18: =J18*F18 -> 178358 | L18: 149800 | M18: =IF(L18<=$G18,"CUMPLE","NO CUMPLE") -> CUMPLE | N18: 149881 | O18: =IF(N18<=$G18,"CUMPLE","NO CUMPLE") -> CUMPLE | P18: 89744 | Q18: =IF(P18<=$G18,"CUMPLE","NO CUMPLE") -> CUMPLE | R18: 149881 | S18: =IF(R18<=$G18,"CUMPLE","NO CUMPLE") -> CUMPLE | T18: 149881 | U18: =IF(T18<=$G18,"CUMPLE","NO CUMPLE") -> CUMPLE | V18: 65077 | W18: =IF(V18<=$G18,"CUMPLE","NO CUMPLE") -> CUMPLE | X18: 128148 | Y18: =IF(X18<=$G18,"CUMPLE","NO CUMPLE") -> CUMPLE | Z18: 148382 | AA18: =IF(Z18<=$G18,"CUMPLE","NO CUMPLE") -> CUMPLE | AB18: 101587 | AC18: =IF(AB18<=$G18,"CUMPLE","NO CUMPLE") -> CUMPLE | AD18: 119905 | AE18: =IF(AD18<=$G18,"CUMPLE","NO CUMPLE") -> CUMPLE
B19: 4.10 | C19: Técnico de Integración | D19: N.A. | E19: HORA HOMBRE | F19: 1 | G19: 150713 | H19: =+ROUND((G19*19%),0) -> 28635 | I19: =H19+G19 -> 179348 | J19: =I19*F19 -> 179348 | K19: =J19*F19 -> 179348 | L19: 150700 | M19: =IF(L19<=$G19,"CUMPLE","NO CUMPLE") -> CUMPLE | N19: 150713 | O19: =IF(N19<=$G19,"CUMPLE","NO CUMPLE") -> CUMPLE | P19: 79621 | Q19: =IF(P19<=$G19,"CUMPLE","NO CUMPLE") -> CUMPLE | R19: 150713 | S19: =IF(R19<=$G19,"CUMPLE","NO CUMPLE") -> CUMPLE | T19: 150713 | U19: =IF(T19<=$G19,"CUMPLE","NO CUMPLE") -> CUMPLE | V19: 59094 | W19: =IF(V19<=$G19,"CUMPLE","NO CUMPLE") -> CUMPLE | X19: 119063 | Y19: =IF(X19<=$G19,"CUMPLE","NO CUMPLE") -> CUMPLE | Z19: 149205 | AA19: =IF(Z19<=$G19,"CUMPLE","NO CUMPLE") -> CUMPLE | AB19: 93599 | AC19: =IF(AB19<=$G19,"CUMPLE","NO CUMPLE") -> CUMPLE | AD19: 120570 | AE19: =IF(AD19<=$G19,"CUMPLE","NO CUMPLE") -> CUMPLE
B20: 4.11 | C20: Administrador de Configuraciones y Gestión de Ambientes | D20: N.A. | E20: HORA HOMBRE | F20: 1 | G20: 127932 | H20: =+ROUND((G20*19%),0) -> 24307 | I20: =H20+G20 -> 152239 | J20: =I20*F20 -> 152239 | K20: =J20*F20 -> 152239 | L20: 127900 | M20: =IF(L20<=$G20,"CUMPLE","NO CUMPLE") -> CUMPLE | N20: 127932 | O20: =IF(N20<=$G20,"CUMPLE","NO CUMPLE") -> CUMPLE | P20: 79621 | Q20: =IF(P20<=$G20,"CUMPLE","NO CUMPLE") -> CUMPLE | R20: 127932 | S20: =IF(R20<=$G20,"CUMPLE","NO CUMPLE") -> CUMPLE | T20: 127932 | U20: =IF(T20<=$G20,"CUMPLE","NO CUMPLE") -> CUMPLE | V20: 39516 | W20: =IF(V20<=$G20,"CUMPLE","NO CUMPLE") -> CUMPLE | X20: 115139 | Y20: =IF(X20<=$G20,"CUMPLE","NO CUMPLE") -> CUMPLE | Z20: 126652 | AA20: =IF(Z20<=$G20,"CUMPLE","NO CUMPLE") -> CUMPLE | AB20: 80142 | AC20: =IF(AB20<=$G20,"CUMPLE","NO CUMPLE") -> CUMPLE | AD20: 102346 | AE20: =IF(AD20<=$G20,"CUMPLE","NO CUMPLE") -> CUMPLE
B21: 4.12 | C21: Líder Servicio Análisis y Desarrollo de aplicativos Web | D21: N.A. | E21: HORA HOMBRE | F21: 1 | G21: 148031 | H21: =+ROUND((G21*19%),0) -> 28126 | I21: =H21+G21 -> 176157 | J21: =I21*F21 -> 176157 | K21: =J21*F21 -> 176157 | L21: 148000 | M21: =IF(L21<=$G21,"CUMPLE","NO CUMPLE") -> CUMPLE | N21: 148031 | O21: =IF(N21<=$G21,"CUMPLE","NO CUMPLE") -> CUMPLE | P21: 104014 | Q21: =IF(P21<=$G21,"CUMPLE","NO CUMPLE") -> CUMPLE | R21: 148031 | S21: =IF(R21<=$G21,"CUMPLE","NO CUMPLE") -> CUMPLE | T21: 148031 | U21: =IF(T21<=$G21,"CUMPLE","NO CUMPLE") -> CUMPLE | V21: 84698 | W21: =IF(V21<=$G21,"CUMPLE","NO CUMPLE") -> CUMPLE | X21: 148031 | Y21: =IF(X21<=$G21,"CUMPLE","NO CUMPLE") -> CUMPLE | Z21: 146550 | AA21: =IF(Z21<=$G21,"CUMPLE","NO CUMPLE") -> CUMPLE | AB21: 101301 | AC21: =IF(AB21<=$G21,"CUMPLE","NO CUMPLE") -> CUMPLE | AD21: 118425 | AE21: =IF(AD21<=$G21,"CUMPLE","NO CUMPLE") -> CUMPLE
... B23: 4.14 | C23: Analistas BPM | D23: N.A. | E23: HORA HOMBRE | F23: 1 | G23: 146715 | H23: =+ROUND((G23*19%),0) -> 27876 | I23: =H23+G23 -> 174591 | J23: =I23*F23 -> 174591 | K23: =J23*F23 -> 174591 | L23: 146700 | M23: =IF(L23<=$G23,"CUMPLE","NO CUMPLE") -> CUMPLE | N23: 146715 | O23: =IF(N23<=$G23,"CUMPLE","NO CUMPLE") -> CUMPLE | P23: 69255 | Q23: =IF(P23<=$G23,"CUMPLE","NO CUMPLE") -> CUMPLE | R23: 146715 | S23: =IF(R23<=$G23,"CUMPLE","NO CUMPLE") -> CUMPLE | T23: 146715 | U23: =IF(T23<=$G23,"CUMPLE","NO CUMPLE") -> CUMPLE | V23: 59094 | W23: =IF(V23<=$G23,"CUMPLE","NO CUMPLE") -> CUMPLE | X23: 146715 | Y23: =IF(X23<=$G23,"CUMPLE","NO CUMPLE") -> CUMPLE | Z23: 145247 | AA23: =IF(Z23<=$G23,"CUMPLE","NO CUMPLE") -> CUMPLE | AB23: 101301 | AC23: =IF(AB23<=$G23,"CUMPLE","NO CUMPLE") -> CUMPLE | AD23: 117372 | AE23: =IF(AD23<=$G23,"CUMPLE","NO CUMPLE") -> CUMPLE
B24: 4.15 | C24: Arquitecto de Integración | D24: N.A. | E24: HORA HOMBRE | F24: 1 | G24: 170208 | H24: =+ROUND((G24*19%),0) -> 32340 | I24: =H24+G24 -> 202548 | J24: =I24*F24 -> 202548 | K24: =J24*F24 -> 202548 | L24: 170200 | M24: =IF(L24<=$G24,"CUMPLE","NO CUMPLE") -> CUMPLE | N24: 170208 | O24: =IF(N24<=$G24,"CUMPLE","NO CUMPLE") -> CUMPLE | P24: 123463 | Q24: =IF(P24<=$G24,"CUMPLE","NO CUMPLE") -> CUMPLE | R24: 170208 | S24: =IF(R24<=$G24,"CUMPLE","NO CUMPLE") -> CUMPLE | T24: 170208 | U24: =IF(T24<=$G24,"CUMPLE","NO CUMPLE") -> CUMPLE | V24: 117501 | W24: =IF(V24<=$G24,"CUMPLE","NO CUMPLE") -> CUMPLE | X24: 170208 | Y24: =IF(X24<=$G24,"CUMPLE","NO CUMPLE") -> CUMPLE | Z24: 168505 | AA24: =IF(Z24<=$G24,"CUMPLE","NO CUMPLE") -> CUMPLE | AB24: 101301 | AC24: =IF(AB24<=$G24,"CUMPLE","NO CUMPLE") -> CUMPLE | AD24: 136166 | AE24: =IF(AD24<=$G24,"CUMPLE","NO CUMPLE") -> CUMPLE
B25: 4.16 | C25: Técnicos de Integración | D25: N.A. | E25: HORA HOMBRE | F25: 1 | G25: 155430 | H25: =+ROUND((G25*19%),0) -> 29532 | I25: =H25+G25 -> 184962 | J25: =I25*F25 -> 184962 | K25: =J25*F25 -> 184962 | L25: 155400 | M25: =IF(L25<=$G25,"CUMPLE","NO CUMPLE") -> CUMPLE | N25: 155430 | O25: =IF(N25<=$G25,"CUMPLE","NO CUMPLE") -> CUMPLE | P25: 79621 | Q25: =IF(P25<=$G25,"CUMPLE","NO CUMPLE") -> CUMPLE | R25: 155430 | S25: =IF(R25<=$G25,"CUMPLE","NO CUMPLE") -> CUMPLE | T25: 155430 | U25: =IF(T25<=$G25,"CUMPLE","NO CUMPLE") -> CUMPLE | V25: 59094 | W25: =IF(V25<=$G25,"CUMPLE","NO CUMPLE") -> CUMPLE | X25: 116573 | Y25: =IF(X25<=$G25,"CUMPLE","NO CUMPLE") -> CUMPLE | Z25: 153875 | AA25: =IF(Z25<=$G25,"CUMPLE","NO CUMPLE") -> CUMPLE | AB25: 101301 | AC25: =IF(AB25<=$G25,"CUMPLE","NO CUMPLE") -> CUMPLE | AD25: 124344 | AE25: =IF(AD25<=$G25,"CUMPLE","NO CUMPLE") -> CUMPLE
B26: TOTAL | G26: =SUM(G10:G25) -> 2413450 | H26: =SUM(H10:H25) -> 458557 | I26: =SUM(I10:I25) -> 2872007 | J26: =SUM(J10:J25) -> 2872007 | K26: =SUM(K10:K25) -> 2872007 | L26: =SUM(L10:L25) -> 2412700 | N26: =SUM(N10:N25) -> 2413450 | P26: =SUM(P10:P25) -> 1404213 | R26: =SUM(R10:R25) -> 2413450 | T26: =SUM(T10:T25) -> 2413450 | V26: =SUM(V10:V25) -> 1132383 | X26: =SUM(X10:X25) -> 2160891 | Z26: =SUM(Z10:Z25) -> 2389307 | AB26: =SUM(AB10:AB25) -> 1582196 | AD26: =SUM(AD10:AD25) -> 1930759
C27: TECNOLOGÍAS EXISTENTES EN EL FNA
B28: 4.20 | C28: Java | D28: N.A. | E28: HORA | F28: 1 | G28: 119339 | H28: =+ROUND((G28*19%),0) -> 22674 | I28: =H28+G28 -> 142013 | J28: =I28*F28 -> 142013 | K28: =J28*F28 -> 142013 | L28: 119300 | M28: =IF(L28<=$G28,"CUMPLE","NO CUMPLE") -> CUMPLE | N28: 119339 | O28: =IF(N28<=$G28,"CUMPLE","NO CUMPLE") -> CUMPLE | P28: 75363 | Q28: =IF(P28<=$G28,"CUMPLE","NO CUMPLE") -> CUMPLE | R28: 119339 | S28: =IF(R28<=$G28,"CUMPLE","NO CUMPLE") -> CUMPLE | T28: 119339 | U28: =IF(T28<=$G28,"CUMPLE","NO CUMPLE") -> CUMPLE | V28: 49006 | W28: =IF(V28<=$G28,"CUMPLE","NO CUMPLE") -> CUMPLE | X28: 95472 | Y28: =IF(X28<=$G28,"CUMPLE","NO CUMPLE") -> CUMPLE | Z28: 118145 | AA28: =IF(Z28<=$G28,"CUMPLE","NO CUMPLE") -> CUMPLE | AB28: 83717 | AC28: =IF(AB28<=$G28,"CUMPLE","NO CUMPLE") -> CUMPLE | AD28: 95471 | AE28: =IF(AD28<=$G28,"CUMPLE","NO CUMPLE") -> CUMPLE
B29: 4.21 | C29: ASP | D29: N.A. | E29: HORA | F29: 1 | G29: 104438 | H29: =+ROUND((G29*19%),0) -> 19843 | I29: =H29+G29 -> 124281 | J29: =I29*F29 -> 124281 | K29: =J29*F29 -> 124281 | L29: 104400 | M29: =IF(L29<=$G29,"CUMPLE","NO CUMPLE") -> CUMPLE | N29: 104438 | O29: =IF(N29<=$G29,"CUMPLE","NO CUMPLE") -> CUMPLE | P29: 75363 | Q29: =IF(P29<=$G29,"CUMPLE","NO CUMPLE") -> CUMPLE | R29: 104438 | S29: =IF(R29<=$G29,"CUMPLE","NO CUMPLE") -> CUMPLE | T29: 104438 | U29: =IF(T29<=$G29,"CUMPLE","NO CUMPLE") -> CUMPLE | V29: 44754 | W29: =IF(V29<=$G29,"CUMPLE","NO CUMPLE") -> CUMPLE | X29: 104438 | Y29: =IF(X29<=$G29,"CUMPLE","NO CUMPLE") -> CUMPLE | Z29: 103393 | AA29: =IF(Z29<=$G29,"CUMPLE","NO CUMPLE") -> CUMPLE | AB29: 78035 | AC29: =IF(AB29<=$G29,"CUMPLE","NO CUMPLE") -> CUMPLE | AD29: 83550 | AE29: =IF(AD29<=$G29,"CUMPLE","NO CUMPLE") -> CUMPLE
B30: 4.22 | C30: .Net | D30: N.A. | E30: HORA | F30: 1 | G30: 106859 | H30: =+ROUND((G30*19%),0) -> 20303 | I30: =H30+G30 -> 127162 | J30: =I30*F30 -> 127162 | K30: =J30*F30 -> 127162 | L30: 106800 | M30: =IF(L30<=$G30,"CUMPLE","NO CUMPLE") -> CUMPLE | N30: 106859 | O30: =IF(N30<=$G30,"CUMPLE","NO CUMPLE") -> CUMPLE | P30: 75363 | Q30: =IF(P30<=$G30,"CUMPLE","NO CUMPLE") -> CUMPLE | R30: 106859 | S30: =IF(R30<=$G30,"CUMPLE","NO CUMPLE") -> CUMPLE | T30: 106859 | U30: =IF(T30<=$G30,"CUMPLE","NO CUMPLE") -> CUMPLE | V30: 44754 | W30: =IF(V30<=$G30,"CUMPLE","NO CUMPLE") -> CUMPLE | X30: 106859 | Y30: =IF(X30<=$G30,"CUMPLE","NO CUMPLE") -> CUMPLE | Z30: 105790 | AA30: =IF(Z30<=$G30,"CUMPLE","NO CUMPLE") -> CUMPLE | AB30: 79539 | AC30: =IF(AB30<=$G30,"CUMPLE","NO CUMPLE") -> CUMPLE | AD30: 85487 | AE30: =IF(AD30<=$G30,"CUMPLE","NO CUMPLE") -> CUMPLE
B31: 4.23 | C31: PHP | D31: N.A. | E31: HORA | F31: 1 | G31: 106681 | H31: =+ROUND((G31*19%),0) -> 20269 | I31: =H31+G31 -> 126950 | J31: =I31*F31 -> 126950 | K31: =J31*F31 -> 126950 | L31: 106600 | M31: =IF(L31<=$G31,"CUMPLE","NO CUMPLE") -> CUMPLE | N31: 106681 | O31: =IF(N31<=$G31,"CUMPLE","NO CUMPLE") -> CUMPLE | P31: 75363 | Q31: =IF(P31<=$G31,"CUMPLE","NO CUMPLE") -> CUMPLE | R31: 106681 | S31: =IF(R31<=$G31,"CUMPLE","NO CUMPLE") -> CUMPLE | T31: 106681 | U31: =IF(T31<=$G31,"CUMPLE","NO CUMPLE") -> CUMPLE | V31: 28016 | W31: =IF(V31<=$G31,"CUMPLE","NO CUMPLE") -> CUMPLE | X31: 106681 | Y31: =IF(X31<=$G31,"CUMPLE","NO CUMPLE") -> CUMPLE | Z31: 105614 | AA31: =IF(Z31<=$G31,"CUMPLE","NO CUMPLE") -> CUMPLE | AB31: 76784 | AC31: =IF(AB31<=$G31,"CUMPLE","NO CUMPLE") -> CUMPLE | AD31: 85345 | AE31: =IF(AD31<=$G31,"CUMPLE","NO CUMPLE") -> CUMPLE
B32: 4.24 | C32: Sharepoint | D32: N.A. | E32: HORA | F32: 1 | G32: 119382 | H32: =+ROUND((G32*19%),0) -> 22683 | I32: =H32+G32 -> 142065 | J32: =I32*F32 -> 142065 | K32: =J32*F32 -> 142065 | L32: 119300 | M32: =IF(L32<=$G32,"CUMPLE","NO CUMPLE") -> CUMPLE | N32: 119382 | O32: =IF(N32<=$G32,"CUMPLE","NO CUMPLE") -> CUMPLE | P32: 88654 | Q32: =IF(P32<=$G32,"CUMPLE","NO CUMPLE") -> CUMPLE | R32: 119382 | S32: =IF(R32<=$G32,"CUMPLE","NO CUMPLE") -> CUMPLE | T32: 119382 | U32: =IF(T32<=$G32,"CUMPLE","NO CUMPLE") -> CUMPLE | V32: 49006 | W32: =IF(V32<=$G32,"CUMPLE","NO CUMPLE") -> CUMPLE | X32: 119382 | Y32: =IF(X32<=$G32,"CUMPLE","NO CUMPLE") -> CUMPLE | Z32: 118188 | AA32: =IF(Z32<=$G32,"CUMPLE","NO CUMPLE") -> CUMPLE | AB32: 87673 | AC32: =IF(AB32<=$G32,"CUMPLE","NO CUMPLE") -> CUMPLE | AD32: 95506 | AE32: =IF(AD32<=$G32,"CUMPLE","NO CUMPLE") -> CUMPLE
B33: 4.25 | C33: Bizagi | D33: N.A. | E33: HORA | F33: 1 | G33: 158809 | H33: =+ROUND((G33*19%),0) -> 30174 | I33: =H33+G33 -> 188983 | J33: =I33*F33 -> 188983 | K33: =J33*F33 -> 188983 | L33: 158800 | M33: =IF(L33<=$G33,"CUMPLE","NO CUMPLE") -> CUMPLE | N33: 158809 | O33: =IF(N33<=$G33,"CUMPLE","NO CUMPLE") -> CUMPLE | P33: 87531 | Q33: =IF(P33<=$G33,"CUMPLE","NO CUMPLE") -> CUMPLE | R33: 158809 | S33: =IF(R33<=$G33,"CUMPLE","NO CUMPLE") -> CUMPLE | T33: 158809 | U33: =IF(T33<=$G33,"CUMPLE","NO CUMPLE") -> CUMPLE | V33: 53555 | W33: =IF(V33<=$G33,"CUMPLE","NO CUMPLE") -> CUMPLE | X33: 158809 | Y33: =IF(X33<=$G33,"CUMPLE","NO CUMPLE") -> CUMPLE | Z33: 157220 | AA33: =IF(Z33<=$G33,"CUMPLE","NO CUMPLE") -> CUMPLE | AB33: 110429 | AC33: =IF(AB33<=$G33,"CUMPLE","NO CUMPLE") -> CUMPLE | AD33: 127047 | AE33: =IF(AD33<=$G33,"CUMPLE","NO CUMPLE") -> CUMPLE
B34: 4.26 | C34: MQ | D34: N.A. | E34: HORA | F34: 1 | G34: 139410 | H34: =+ROUND((G34*19%),0) -> 26488 | I34: =H34+G34 -> 165898 | J34: =I34*F34 -> 165898 | K34: =J34*F34 -> 165898 | L34: 139400 | M34: =IF(L34<=$G34,"CUMPLE","NO CUMPLE") -> CUMPLE | N34: 139410 | O34: =IF(N34<=$G34,"CUMPLE","NO CUMPLE") -> CUMPLE | P34: 99631 | Q34: =IF(P34<=$G34,"CUMPLE","NO CUMPLE") -> CUMPLE | R34: 139410 | S34: =IF(R34<=$G34,"CUMPLE","NO CUMPLE") -> CUMPLE | T34: 139410 | U34: =IF(T34<=$G34,"CUMPLE","NO CUMPLE") -> CUMPLE | V34: 59094 | W34: =IF(V34<=$G34,"CUMPLE","NO CUMPLE") -> CUMPLE | X34: 125469 | Y34: =IF(X34<=$G34,"CUMPLE","NO CUMPLE") -> CUMPLE | Z34: 138015 | AA34: =IF(Z34<=$G34,"CUMPLE","NO CUMPLE") -> CUMPLE | AB34: 100433 | AC34: =IF(AB34<=$G34,"CUMPLE","NO CUMPLE") -> CUMPLE | AD34: 111528 | AE34: =IF(AD34<=$G34,"CUMPLE","NO CUMPLE") -> CUMPLE
B35: 4.27 | C35: ESB (Enterprise service bus) | D35: N.A. | E35: HORA | F35: 1 | G35: 148872 | H35: =+ROUND((G35*19%),0) -> 28286 | I35: =H35+G35 -> 177158 | J35: =I35*F35 -> 177158 | K35: =J35*F35 -> 177158 | L35: 148800 | M35: =IF(L35<=$G35,"CUMPLE","NO CUMPLE") -> CUMPLE | N35: 148872 | O35: =IF(N35<=$G35,"CUMPLE","NO CUMPLE") -> CUMPLE | P35: 99924 | Q35: =IF(P35<=$G35,"CUMPLE","NO CUMPLE") -> CUMPLE | R35: 148872 | S35: =IF(R35<=$G35,"CUMPLE","NO CUMPLE") -> CUMPLE | T35: 148872 | U35: =IF(T35<=$G35,"CUMPLE","NO CUMPLE") -> CUMPLE | V35: 59094 | W35: =IF(V35<=$G35,"CUMPLE","NO CUMPLE") -> CUMPLE | X35: 122075 | Y35: =IF(X35<=$G35,"CUMPLE","NO CUMPLE") -> CUMPLE | Z35: 147383 | AA35: =IF(Z35<=$G35,"CUMPLE","NO CUMPLE") -> CUMPLE | AB35: 114307 | AC35: =IF(AB35<=$G35,"CUMPLE","NO CUMPLE") -> CUMPLE | AD35: 119098 | AE35: =IF(AD35<=$G35,"CUMPLE","NO CUMPLE") -> CUMPLE
B36: 4.28 | C36: SAP | D36: N.A. | E36: HORA | F36: 1 | G36: 166000 | H36: =+ROUND((G36*19%),0) -> 31540 | I36: =H36+G36 -> 197540 | J36: =I36*F36 -> 197540 | K36: =J36*F36 -> 197540 | L36: 165900 | M36: =IF(L36<=$G36,"CUMPLE","NO CUMPLE") -> CUMPLE | N36: 166000 | O36: =IF(N36<=$G36,"CUMPLE","NO CUMPLE") -> CUMPLE | P36: 100046 | Q36: =IF(P36<=$G36,"CUMPLE","NO CUMPLE") -> CUMPLE | R36: 166000 | S36: =IF(R36<=$G36,"CUMPLE","NO CUMPLE") -> CUMPLE | T36: 166000 | U36: =IF(T36<=$G36,"CUMPLE","NO CUMPLE") -> CUMPLE | V36: 49006 | W36: =IF(V36<=$G36,"CUMPLE","NO CUMPLE") -> CUMPLE | X36: 166000 | Y36: =IF(X36<=$G36,"CUMPLE","NO CUMPLE") -> CUMPLE | Z36: 164340 | AA36: =IF(Z36<=$G36,"CUMPLE","NO CUMPLE") -> CUMPLE | AB36: 119066 | AC36: =IF(AB36<=$G36,"CUMPLE","NO CUMPLE") -> CUMPLE | AD36: 132800 | AE36: =IF(AD36<=$G36,"CUMPLE","NO CUMPLE") -> CUMPLE
B37: 4.29 | C37: CRM | D37: N.A. | E37: HORA | F37: 1 | G37: 144583 | H37: =+ROUND((G37*19%),0) -> 27471 | I37: =H37+G37 -> 172054 | J37: =I37*F37 -> 172054 | K37: =J37*F37 -> 172054 | L37: 144500 | M37: =IF(L37<=$G37,"CUMPLE","NO CUMPLE") -> CUMPLE | N37: 144583 | O37: =IF(N37<=$G37,"CUMPLE","NO CUMPLE") -> CUMPLE | P37: 98842 | Q37: =IF(P37<=$G37,"CUMPLE","NO CUMPLE") -> CUMPLE | R37: 144583 | S37: =IF(R37<=$G37,"CUMPLE","NO CUMPLE") -> CUMPLE | T37: 144583 | U37: =IF(T37<=$G37,"CUMPLE","NO CUMPLE") -> CUMPLE | V37: 53555 | W37: =IF(V37<=$G37,"CUMPLE","NO CUMPLE") -> CUMPLE | X37: 144583 | Y37: =IF(X37<=$G37,"CUMPLE","NO CUMPLE") -> CUMPLE | Z37: 143137 | AA37: =IF(Z37<=$G37,"CUMPLE","NO CUMPLE") -> CUMPLE | AB37: 108264 | AC37: =IF(AB37<=$G37,"CUMPLE","NO CUMPLE") -> CUMPLE | AD37: 115666 | AE37: =IF(AD37<=$G37,"CUMPLE","NO CUMPLE") -> CUMPLE
B38: 4.30 | C38: Rational Team Concert | D38: N.A. | E38: HORA | F38: 1 | G38: 139675 | H38: =+ROUND((G38*19%),0) -> 26538 | I38: =H38+G38 -> 166213 | J38: =I38*F38 -> 166213 | K38: =J38*F38 -> 166213 | L38: 139600 | M38: =IF(L38<=$G38,"CUMPLE","NO CUMPLE") -> CUMPLE | N38: 139675 | O38: =IF(N38<=$G38,"CUMPLE","NO CUMPLE") -> CUMPLE | P38: 110225 | Q38: =IF(P38<=$G38,"CUMPLE","NO CUMPLE") -> CUMPLE | R38: 139675 | S38: =IF(R38<=$G38,"CUMPLE","NO CUMPLE") -> CUMPLE | T38: 139675 | U38: =IF(T38<=$G38,"CUMPLE","NO CUMPLE") -> CUMPLE | V38: 49006 | W38: =IF(V38<=$G38,"CUMPLE","NO CUMPLE") -> CUMPLE | X38: 139675 | Y38: =IF(X38<=$G38,"CUMPLE","NO CUMPLE") -> CUMPLE | Z38: 138278 | AA38: =IF(Z38<=$G38,"CUMPLE","NO CUMPLE") -> CUMPLE | AB38: 95740 | AC38: =IF(AB38<=$G38,"CUMPLE","NO CUMPLE") -> CUMPLE | AD38: 111740 | AE38: =IF(AD38<=$G38,"CUMPLE","NO CUMPLE") -> CUMPLE
B39: 4.31 | C39: WebSphere Service Registry and Repository Advanced - Registry | D39: N.A. | E39: HORA | F39: 1 | G39: 154748 | H39: =+ROUND((G39*19%),0) -> 29402 | I39: =H39+G39 -> 184150 | J39: =I39*F39 -> 184150 | K39: =J39*F39 -> 184150 | L39: 154700 | M39: =IF(L39<=$G39,"CUMPLE","NO CUMPLE") -> CUMPLE | N39: 154748 | O39: =IF(N39<=$G39,"CUMPLE","NO CUMPLE") -> CUMPLE | P39: 110299 | Q39: =IF(P39<=$G39,"CUMPLE","NO CUMPLE") -> CUMPLE | R39: 154748 | S39: =IF(R39<=$G39,"CUMPLE","NO CUMPLE") -> CUMPLE | T39: 154748 | U39: =IF(T39<=$G39,"CUMPLE","NO CUMPLE") -> CUMPLE | V39: 59094 | W39: =IF(V39<=$G39,"CUMPLE","NO CUMPLE") -> CUMPLE | X39: 139273 | Y39: =IF(X39<=$G39,"CUMPLE","NO CUMPLE") -> CUMPLE | Z39: 153200 | AA39: =IF(Z39<=$G39,"CUMPLE","NO CUMPLE") -> CUMPLE | AB39: 111070 | AC39: =IF(AB39<=$G39,"CUMPLE","NO CUMPLE") -> CUMPLE | AD39: 123798 | AE39: =IF(AD39<=$G39,"CUMPLE","NO CUMPLE") -> CUMPLE
B40: TOTAL | G40: =SUM(G28:G39) -> 1608796 | H40: =SUM(H28:H39) -> 305671 | I40: =SUM(I28:I39) -> 1914467 | J40: =SUM(J28:J39) -> 1914467 | K40: =SUM(K28:K39) -> 1914467 | L40: =SUM(L28:L39) -> 1608100 | M40: HABILITADO | N40: =SUM(N28:N39) -> 1608796 | O40: HABILITADO | P40: =SUM(P28:P39) -> 1096604 | Q40: HABILITADO | R40: =SUM(R28:R39) -> 1608796 | S40: HABILITADO | T40: =SUM(T28:T39) -> 1608796 | U40: HABILITADO | V40: =SUM(V28:V39) -> 597940 | W40: HABILITADO | X40: =SUM(X28:X39) -> 1528716 | Y40: RECHAZADO | Z40: =SUM(Z28:Z39) -> 1592703 | AA40: HABILITADO | AB40: =SUM(AB28:AB39) -> 1165057 | AC40: HABILITADO | AD40: =SUM(AD28:AD39) -> 1287036 | AE40: RECHAZADO
B42: RESUMEN OFERTAS
C44: PRECIOS REFERENCIA FNA | D44: =L2 -> INFORMATICA & TECNOLOGIA STEFANINI SA | E44: =N2 -> Unión Temporal H&A | F44: =P2 -> IG SERVICES S.A.S. | G44: =R2 -> CONSORCIO ISI FABRICA FNA 2020 | H44: =T2 -> CONSORCIO FÁBRICA FNA KRUGER SOFTCARIBBEAN TSTI 2020 | I44: =V2 -> INDRA COLOMBIA S.A.S | J44: =X2 -> IBM DE COLOMBIA & CIA S.C.A. | K44: =Z2 -> UNION TEMPORAL UT FNA FABRICA SW 20-23 | L44: =AB2 -> UNION TEMPORAL ADA-MOVIL | M44: =AD2 -> UNIÓN TEMPORAL FÁBRICA-SOFT
B45: TOTAL SUMATORIA UNITARIOS SIN IVA SERVICIOS | C45: =G8 -> 452338845 | D45: =L8 -> 338408000 | E45: =P8 -> 382117500 | F45: =P8 -> 382117500 | G45: =R8 -> 406290750 | H45: =T8 -> 269575494 | I45: =V8 -> 271080285 | J45: =X8 -> 391675167 | K45: =Z8 -> 385725000 | L45: =AB8 -> 407170939 | M45: =AD8 -> 361871077
B46: TOTAL SUMATORIA UNITARIOS SIN IVA BOLSA HORAS POR DEMANDA | C46: =G26 -> 2413450 | D46: =L26 -> 2412700 | E46: =P26 -> 1404213 | F46: =P26 -> 1404213 | G46: =R26 -> 2413450 | H46: =T26 -> 2413450 | I46: =V26 -> 1132383 | J46: =X26 -> 2160891 | K46: =Z26 -> 2389307 | L46: =AB26 -> 1582196 | M46: =AD26 -> 1930759
B47: TOTAL SUMATORIA UNITARIOS SIN IVA BOLSA HORAS POR DEMANDA | C47: =G40 -> 1608796 | D47: =L40 -> 1608100 | E47: =P40 -> 1096604 | F47: =P40 -> 1096604 | G47: =R40 -> 1608796 | H47: =T40 -> 1608796 | I47: =V40 -> 597940 | J47: =X40 -> 1528716 | K47: =Z40 -> 1592703 | L47: =AB40 -> 1165057 | M47: =AD40 -> 1287036
B48: VALOR SUMATORIA UNITARIOS SIN IVA PARA COMPARACION DE OFERTAS | C48: =SUM(C45:C47) -> 456361091 | D48: =SUM(D45:D47) -> 342428800 | E48: =SUM(E45:E47) -> 384618317 | F48: =SUM(F45:F47) -> 384618317 | G48: =SUM(G45:G47) -> 410312996 | H48: =SUM(H45:H47) -> 273597740 | I48: =SUM(I45:I47) -> 272810608 | J48: =SUM(J45:J47) -> 395364774 | ... M48: =SUM(M45:M47) -> 365088872
B49: RESULTADO ECONOMICO | D49: =M40 -> HABILITADO | E49: =O40 -> HABILITADO | F49: =Q40 -> HABILITADO | G49: =S40 -> HABILITADO | H49: =U40 -> HABILITADO | I49: =W40 -> HABILITADO | J49: =Y40 -> RECHAZADO | K49: =AA40 -> HABILITADO | L49: =AC40 -> HABILITADO | M49: =AE40 -> RECHAZADO
B51: OBSERVACIONES
B53: IBM DE COLOMBIA & CIA S.C.A. El Formato de Oferta Economica esta acompañado de un documento adicional que establece condiciones adicionales a las establecidas por la Entidad. Por lo anterior, esta incursa en la siguiente causal de rechazo: 5. Cuando la oferta sea alternativa o parcial o cuando en ella se formulen condiciones contractuales y/o técnicas diferentes a las establecidas en el presente documento, que las contradigan o que contengan salvedades, excepciones o condicionamientos a estas.
B55: UNIÓN TEMPORAL FABRICA-SOFT No se da cumplimiento a los establecido en el Numeral 4.1.1.4. Documento de constitución del consorcio o unión temporal, liberal b. que establece: Designación del representante: Deberá allegarse su identificación. En cualquier caso, el representante del consorcio o unión temporal que se designe debe ser aquel integrante que tenga la mayor participación porcentual dentro del consorcio o unión temporal. En caso de que éste integrante sea una persona jurídica, el representante del consorcio o unión temporal que se designe, debe ser el representante legal de dicha persona jurídica. Por lo anterior, esta incursa en la siguiente causal de rechazo: 14. Cuando la oferta económica no se encuentre firmada por el representante legal del oferente, o su apoderado.

Sheet CONSOLIDADO HABILITANTES
A1: FONDO NACIONAL DEL AHORRO
A3: CONSOLIDADO HABILITANTES
A5: OBJETO PROCESO | C5: ='DATOS DE ENTRADA'!F1 -> CONTRATAR UNA FÁBRICA DE SOFTWARE QUE REALICE EL SOPORTE, MANTENIMIENTO, DESARROLLO DE APLICACIONES E INTEGRACIÓN DE SOLUCIONES, DEL PORTAFOLIO DEFINIDO POR EL FNA.
A6: NUMERO DE PROCESO | C6: ='DATOS DE ENTRADA'!F2 -> CONVOCATORIA PÚBLICA FNA-SG-CP-034-2020
A8: N° | B8: PROPONENTE | C8: FINANCIERA | D8: JURIDICA | E8: TECNICA | F8: ECONOMICA | G8: RESULTADO HABILITANTES
A9: 1 | B9: ='DATOS DE ENTRADA'!B2 -> INFORMATICA & TECNOLOGIA STEFANINI SA | C9: ='DATOS DE ENTRADA'!C2 -> HABILITADO
A10: 2 | B10: ='DATOS DE ENTRADA'!B3 -> Unión Temporal H&A | C10: ='DATOS DE ENTRADA'!C3 -> HABILITADO
A11: 3 | B11: ='DATOS DE ENTRADA'!B4 -> IG SERVICES S.A.S. | C11: ='DATOS DE ENTRADA'!C4 -> HABILITADO
A12: 4 | B12: ='DATOS DE ENTRADA'!#REF! -> #REF! | C12: ='DATOS DE ENTRADA'!#REF! -> #REF!

Sheet VERIFICACION ECONOMICA
B4: VERIFICACIÓN ECONOMICA
E8: FNA | F8: 1 | G8: 2 | H8: 3 | I8: 4
A9: Item | B9: Descripción | C9: Unidad de Medida | D9: Cantidad | E9: Valor Unitario Sin IVA | F9: Valor Unitario Sin IVA | G9: Valor Unitario Sin IVA | H9: Valor Unitario Sin IVA | I9: Valor Unitario Sin IVA
A10: 1 | B10: Suministro (HW, SW ) | C10: Unidad | D10: 1 | E10: 352015820 | F10: 287297000 | H10: 352000000 | I10: 352000000 | K10: =IF(F10<=E10,0,1) -> 0 | L10: =IF(G10<=E10,0,1) -> 0 | M10: =IF(H10<=E10,0,1) -> 0 | N10: =IF(I10<=E10,0,1) -> 0
A11: 2 | B11: Servicios de Instalación, Implementación y Estabilizacion de la Solucion | C11: Unidad | D11: 1 | E11: 79588380 | F11: 125299900 | H11: 79588000 | I11: 79300000 | K11: =IF(F11<=E11,0,1) -> 1 | L11: =IF(G11<=E11,0,1) -> 0 | M11: =IF(H11<=E11,0,1) -> 0 | N11: =IF(I11<=E11,0,1) -> 0
A12: 3 | B12: Capacitación funcional y técnica de la solucion | C12: Unidad | D12: 1 | E12: 7724281 | F12: 106866000 | H12: 7560000 | I12: 7700000 | K12: =IF(F12<=E12,0,1) -> 1 | L12: =IF(G12<=E12,0,1) -> 0 | M12: =IF(H12<=E12,0,1) -> 0 | N12: =IF(I12<=E12,0,1) -> 0
A13: 4 | B13: Soporte Local (recurrente mensual) | C13: Meses | D13: 12 | E13: 12083734 | F13: 4869444 | H13: 12044000 | I13: 12000000 | K13: =IF(F13<=E13,0,1) -> 0 | L13: =IF(G13<=E13,0,1) -> 0 | M13: =IF(H13<=E13,0,1) -> 0 | N13: =IF(I13<=E13,0,1) -> 0
A14: TOTAL | E14: =SUM(E10:E13) -> 451412215 | F14: =SUM(F10:F13) -> 524332344 | G14: =SUM(G10:G13) -> 0 | H14: =SUM(H10:H13) -> 451192000 | I14: =SUM(I10:I13) -> 451000000 | K14: =SUM(K10:K13) -> 2 | L14: =SUM(L10:L13) -> 0 | M14: =SUM(M10:M13) -> 0 | N14: =SUM(N10:N13) -> 0
F15: =IF(K14>0,"RECHAZADO","HABILITADO") -> RECHAZADO | G15: =IF(L14>0,"RECHAZADO","HABILITADO") -> HABILITADO | H15: =IF(M14>0,"RECHAZADO","HABILITADO") -> HABILITADO | I15: =IF(N14>0,"RECHAZADO","HABILITADO") -> HABILITADO

Sheet PONDERACION FACTORES
A1: FONDO NACIONAL DEL AHORRO
A3: ORDEN ELEGIBILIDAD
A5: OBJETO PROCESO | C5: ='DATOS DE ENTRADA'!F1 -> CONTRATAR UNA FÁBRICA DE SOFTWARE QUE REALICE EL SOPORTE, MANTENIMIENTO, DESARROLLO DE APLICACIONES E INTEGRACIÓN DE SOLUCIONES, DEL PORTAFOLIO DEFINIDO POR EL FNA.
A6: NUMERO DE PROCESO | C6: ='DATOS DE ENTRADA'!F2 -> CONVOCATORIA PÚBLICA FNA-SG-CP-034-2020
A8: ORDEN ELEGIBILIDAD | B8: PROPONENTE | C8: RESULTADO HABILITANTES | D8: OFERTA ECONOMICA | E8: PUNTAJE OFERTA ECONOMICA | F8: APOYO A LA INDUSTRIA NACIONAL | G8: FACTOR ADICIONAL PERSONAL EN CONDICIÓN DE DISCAPACIDAD | H8: TOTAL FACTORES DE CALIFICACIÓN
A9: 1 | B9: ='CONSOLIDADO FINANCIERO'!B9 -> INFORMATICA & TECNOLOGIA STEFANINI SA | C9: HABILITADO | D9: ='EVALUACION ECONOMICA'!D48 -> 342428800 | E9: 89 | F9: 10 | G9: 0 | H9: =SUM(E9:G9) -> 99
A10: 2 | B10: ='CONSOLIDADO FINANCIERO'!B10 -> Unión Temporal H&A | C10: HABILITADO | D10: ='EVALUACION ECONOMICA'!E48 -> 384618317 | E10: =D9*E9/D10 -> 79.23742 | F10: 10 | G10: 0 | H10: =SUM(E10:G10) -> 89.23742
A11: 3 | B11: ='CONSOLIDADO FINANCIERO'!B12 -> CONSORCIO ISI FABRICA FNA 2020 | C11: HABILITADO | D11: ='EVALUACION ECONOMICA'!G48 -> 410312996 | E11: =D9*E9/D11 -> 74.275403 | F11: 10 | G11: 1 | H11: =SUM(E11:G11) -> 85.275403
